 Dungeon Crawl Stone Soup version 0.26-a0-667-g92642533e4 (webtiles) character file.

Game seed: 5016377287372642227

1023271 miscthings the Intangible (level 27, -31/212 HPs)
             Began as a Kobold Berserker on Oct 17, 2020.
             Was the Champion of Lugonu.
             Killed from afar by an iron giant (69 damage)
             ... with an iron shot
             ... on level 7 of the Iron City of Dis.
             The game lasted 06:03:05 (96263 turns).

miscthings the Intangible (Kobold Berserker)       Turns: 96263, Time: 06:03:05

Health: -31/212    AC: 21    Str: 21    XL:     27
Magic:  45/47      EV: 39    Int: 28    God:    Lugonu [******]
Gold:   6919       SH: 10    Dex: 18    Spells: 19/66 levels left

rFire    + + .     SeeInvis +   W - +9 quick blade (vorpal)
rCold    + + +     Faith    .   O - +3 warlock's mirror {reflect}
rNeg     + + +     Spirit   .   j - +4 skin of Zhor {Englaciate rC+++ SInv}
rPois    ∞         Reflect  +   k - +2 hat {MR+}
rElec    .         Harm     .   U - scarf {repulsion}
rCorr    .         Rampage  .   N - +2 pair of gloves {Str+3}
MR       ++...                  v - +2 pair of boots "Weukhluess" {rF++ MR+ Int+3}
Stlth    +++++++++.             Z - amulet "Jiofaata" {RegenMP Int+4}
HPRegen  0.45/turn              I - ring "Beyhum" {Wiz rC- rN+ Str+2 Dex+5}
MPRegen  0.55/turn              G - ring of the King {rN++ Dex-2 Slay+6 SInv}

@: lich-form, vulnerable, repel missiles
A: small, antennae 1, repulsion field 1, clever 1, nightstalker 3, robust 1
}: 9/15 runes: decaying, serpentine, slimy, silver, golden, obsidian, icy, bone,
abyssal
a: End Transformation, Depart the Abyss, Bend Space, Banish, Corrupt, Enter the
Abyss, Brand Weapon With Distortion, Renounce Religion


You were on level 7 of the Iron City of Dis.
You worshipped Lugonu.
Lugonu was exalted by your worship.
You were a lich.
You visited 17 branches of the dungeon, and saw 85 of its levels.
You visited the Abyss 5 times.
You visited 1 ziggurat, and saw 16 of its levels.
You also visited: Trove, Gauntlet, Wizlab and Desolation.

You collected 15580 gold pieces.
You spent 8661 gold pieces at shops.

Inventory:

Hand Weapons
 r - the +10 hand crossbow of Supowu {penet, rElec MR++ Dex+3}
   (You found it on level 3 of the Crypt)

   Ammo fired by it will pass through the targets it hits, potentially hitting
   all targets in its path until it reaches maximum range.
   It affects your dexterity (+3).
   It insulates you from electricity.
   It affects your resistance to hostile enchantments.
 Q - a +9 dagger of holy wrath
 W - a +9 vorpal quick blade (weapon)
Missiles
 e - 2 throwing nets (quivered)
 B - 50 atropa-tipped darts
 S - 1686 bolts
Armour
 j - the +4 skin of Zhor (worn) {Englaciate rC+++ SInv}
   (You took it off a greater mummy on level 3 of the Crypt)

   It renders you almost immune to cold.
   It lets you see invisible.
 k - a +2 hat of magic resistance (worn)
 v - the +2 pair of boots "Weukhluess" (worn) {rF++ MR+ Int+3}
   (You bought it in a shop on level 1 of the Depths)

   It affects your intelligence (+3).
   It greatly protects you from fire.
   It affects your resistance to hostile enchantments.
 N - a +2 pair of gloves of strength (worn)
 O - the +3 warlock's mirror (worn) {reflect}
   (You found it in the Desolation of Salt)
 U - a scarf of repulsion (worn)
Jewellery
 F - the ring of Giop {rElec rPois rF+ MR- EV+4}
   (You found it on level 8 of the Dungeon)

   [ring of evasion]

   It affects your evasion (+4).
   It protects you from fire.
   It insulates you from electricity.
   It protects you from poison.
   It affects your resistance to hostile enchantments.
 G - the ring of the King (right hand) {rN++ Dex-2 Slay+6 SInv}
   (You acquired it on level 5 of the Depths)

   [ring of see invisible]

   It affects your dexterity (-2).
   It affects your accuracy and damage with ranged weapons and melee attacks
   (+6).
   It greatly protects you from negative energy.
   It lets you see invisible.
 I - the ring "Beyhum" (left hand) {Wiz rC- rN+ Str+2 Dex+5}
   (You found it on level 1 of the Lair of Beasts)

   [ring of wizardry]

   It improves your spell success rate.
   It affects your strength (+2).
   It affects your dexterity (+5).
   It makes you vulnerable to cold.
   It protects you from negative energy.
 R - the amulet of Xom's Flight of Fancy {Fragile rF+++ rC++ Regen+}
   (You found it on level 16 of a ziggurat)

   [amulet of regeneration]

   It renders you almost immune to fire.
   It greatly protects you from cold.
   It increases your rate of regeneration.
   It will be destroyed if unequipped.
 Z - the amulet "Jiofaata" (around neck) {RegenMP Int+4}
   (You found it on level 3 of the Abyss)

   [amulet of magic regeneration]

   It increases your magic regeneration.
   It affects your intelligence (+4).
Wands
 f - a wand of paralysis (32)
 y - a wand of digging (32)
 C - a wand of acid (18)
 T - a wand of iceblast (49)
 Y - a wand of enslavement (19)
Scrolls
 a - 11 scrolls of teleportation
 b - 6 scrolls of vulnerability
 d - 29 scrolls of remove curse
 h - 18 scrolls of fear
 i - 27 scrolls of fog
 o - 7 scrolls of holy word
 p - 8 scrolls of magic mapping
 D - 8 scrolls of immolation
 E - 8 scrolls of blinking
 P - 6 scrolls of summoning
 X - 3 scrolls of silence
Potions
 c - 4 potions of ambrosia
 g - 13 potions of curing
 l - 4 potions of heal wounds
 m - 11 potions of lignification
 n - 6 potions of magic
 q - 11 potions of mutation
 s - 11 potions of resistance
 t - 11 potions of might
 u - 3 potions of invisibility
 z - 11 potions of flight
 A - 6 potions of brilliance
 H - 7 potions of cancellation
 K - 9 potions of stabbing
 L - 4 potions of haste
Miscellaneous
 w - a phantom mirror
 x - a box of beasts (2/3)
 M - a figurine of a ziggurat
 V - a condenser vane (2/2)


   Skills:
 + Level 25.2 Fighting
 - Level 14.0 Short Blades
 - Level 10.5 Crossbows
 - Level 9.1 Throwing
 - Level 7.0 Armour
 O Level 27 Dodging
 - Level 24.5 Stealth
 - Level 7.0 Shields
 - Level 20.3 Spellcasting
 - Level 24.0 Necromancy
 - Level 14.0 Transmutations
 - Level 19.0 Fire Magic
 - Level 6.0 Earth Magic
 - Level 14.0 Invocations
 - Level 16.0 Evocations


You had 19 spell levels left.
You knew the following spells:

 Your Spells              Type           Power        Failure   Level
a - Borgnjor's Vile Clut  Necr/Erth      ########..   1%          5
b - Apportation           Tloc           ####..       1%          1
c - Borgnjor's Revivific  Necr           ########..   1%          8
e - Necromutation         Tmut/Necr      ########..   1%          8
g - Death's Door          Necr           ########..   3%          9
x - Ignition              Fire           #######...   1%          8
z - Infestation           Necr           ########..   1%          8

Your spell library contained the following spells:

 Spells                   Type           Power        Failure   Level
 Animate Skeleton         Necr           ######       0%          1
 Beastly Appendage        Tmut           ######       0%          1
 Pain                     Necr           ####         0%          1
 Corpse Rot               Necr/Air       N/A          0%          2
 Sublimation of Blood     Necr           ########..   0%          2
 Wereblood                Tmut           #######.     0%          2
 Vampiric Draining        Necr           ########..   0%          3
 Animate Dead             Necr           ########..   0%          4
 Dispel Undead            Necr           ########     0%          4
 Agony                    Necr           ########     0%          5
 Excruciating Wounds      Necr           ########..   0%          5
 Death Channel            Necr           ########..   0%          6
 Corona                   Hex            ####...      1%          1
 Foxfire                  Conj/Fire      ####         1%          1
 Freeze                   Ice            ####         1%          1
 Magic Dart               Conj           ####         1%          1
 Sandblast                Erth           ######       1%          1
 Shock                    Conj/Air       ####         1%          1
 Sting                    Tmut/Pois      ####         1%          1
 Summon Small Mammal      Summ           ####         1%          1
 Blink                    Tloc           N/A          1%          2
 Call Imp                 Summ           ####....     1%          2
 Ensorcelled Hibernation  Hex/Ice        ####..       1%          2
 Passwall                 Tmut/Erth      ######..     1%          2
 Poisonous Vapours        Pois/Air       ####..       1%          2
 Searing Ray              Conj           ####..       1%          2
 Slow                     Hex            ####....     1%          2
 Swiftness                Air            ####....     1%          2
 Call Canine Familiar     Summ           ####....     1%          3
 Confusing Touch          Hex            ####....     1%          3
 Conjure Flame            Conj/Fire      ######..     1%          3
 Dazzling Flash           Conj/Hex       ####..       1%          3
 Frozen Ramparts          Ice            ####..       1%          3
 Gell's Gravitas          Tloc           ####......   1%          3
 Ignite Poison            Fire/Tmut/Pois ######..     1%          3
 Inner Flame              Hex/Fire       ######..     1%          3
 Lesser Beckoning         Tloc           ####......   1%          3
 Mephitic Cloud           Conj/Pois/Air  ####....     1%          3
 Ozocubu's Armour         Ice            ####....     1%          3
 Portal Projectile        Hex/Tloc       ####..       1%          3
 Spider Form              Tmut/Pois      ######....   1%          3
 Static Discharge         Conj/Air       ####....     1%          3
 Stone Arrow              Conj/Erth      #####.       1%          3
 Summon Guardian Golem    Hex/Summ       ####....     1%          3
 Teleport Other           Tloc           ####....     1%          3
 Tukima's Dance           Hex            ####....     1%          3
 Ice Form                 Ice/Tmut       ######..     1%          4
 Leda's Liquefaction      Hex/Erth       #####.....   1%          4
 Petrify                  Tmut/Erth      ######..     1%          4
 Sticky Flame             Conj/Fire      ######..     1%          4
 Alistair's Intoxication  Tmut/Pois      ######...    1%          5
 Blade Hands              Tmut           #######...   1%          5
 Bolt of Magma            Conj/Fire/Erth ######....   1%          5
 Fireball                 Conj/Fire      ######....   1%          5
 Irradiate                Conj/Tmut      ######....   1%          5
 Lee's Rapid Deconstruct  Erth           ######....   1%          5
 Yara's Violent Unravell  Hex/Tmut       ######....   1%          5
 Hydra Form               Tmut           #######...   1%          6
 Simulacrum               Ice/Necr       #######...   1%          6
 Starburst                Conj/Fire      ######....   1%          6
 Statue Form              Tmut/Erth      ######...    1%          6
 Dragon Form              Tmut           #######...   1%          7
 Haunt                    Necr/Summ      #######...   3%          7
 Eringya's Noxious Bog    Tmut/Pois      ######....   4%          6
 Airstrike                Air            ####......   6%          4
 Cause Fear               Hex            ####......   6%          4
 Fulminant Prism          Conj/Hex       ####......   6%          4
 Hailstorm                Conj/Ice       ####....     6%          4
 Iskenderun's Mystic Bla  Conj/Tloc      ####....     6%          4
 Passage of Golubria      Tloc           N/A          6%          4
 Summon Ice Beast         Ice/Summ       ####....     6%          4
 Summon Lightning Spire   Summ/Air       ####....     6%          4
 Iskenderun's Battlesphe  Conj           ####....     16%         5
 Lightning Bolt           Conj/Air       ####......   16%         5
 Metabolic Englaciation   Hex/Ice        ####......   16%         5
 Silence                  Hex/Air        ####......   16%         5
 Summon Demon             Summ           ####......   16%         5
 Summon Forest            Summ/Tloc      ####......   16%         5
 Summon Mana Viper        Hex/Summ       ####....     16%         5
 Iron Shot                Conj/Erth      #####.....   26%         6
 Conjure Ball Lightning   Conj/Air       ####......   61%         6
 Dispersal                Tloc           ####......   61%         6
 Freezing Cloud           Conj/Ice/Air   ####......   61%         6
 Invisibility             Hex            ####....     61%         6
 Ozocubu's Refrigeration  Ice            ####......   61%         6
 Shadow Creatures         Summ           N/A          61%         6
 Malign Gateway           Summ/Tloc      ####......   99%         7
 Monstrous Menagerie      Summ           ####......   99%         7
 Orb of Destruction       Conj           ####......   99%         7
 Spellforged Servitor     Conj/Summ      ####......   99%         7
 Summon Greater Demon     Summ           ####......   99%         7
 Summon Hydra             Summ           ####......   99%         7
 Disjunction              Tloc           ####......   100%        8
 Summon Horrible Things   Summ           ####......   100%        8
 Shatter                  Erth           ######....   100%        9
 Tornado                  Air            ####......   100%        9


Dungeon Overview and Level Annotations

Branches:
Dungeon (15/15)            Temple (1/1) D:4            Lair (6/6) D:11
  Swamp (4/4) Lair:3        Snake (4/4) Lair:3        Slime (5/5) Lair:5
    Orc (2/2) D:10            Elf (3/3) Orc:2        Vaults (5/5) D:14
  Crypt (3/3) Vaults:3       Tomb (3/3) Crypt:3      Depths (5/5) D:15
   Hell (visited)             Dis (7/7) Hell            Geh (7/7) Hell
    Coc (7/7) Hell            Tar (7/7) Hell            Zot (0/5) Depths:5
 WizLab (visited)         Desolation (visited)      Gauntlet (visited)

Altars:
Ashenzari
Cheibriados
Dithmenos
Elyvilon
Fedhas
Gozag
Hepliaklqana
Kikubaaqudgha
Makhleb
Nemelex Xobeh
Okawaru
Qazlal
Ru
Sif Muna
Trog
Uskayaw
Vehumet
Wu Jian
Xom
Yredelemnul
Zin
The Shining One
Jiyva
Lugonu

Shops:
D:10 *   D:11 [   D:14 *   Orc:1 (   Orc:2 :!}}   Elf:3 !   Snake:1 =
Snake:2 !   Snake:4 *   Vaults:2 :   Depths:1 *:?(   Depths:5 *?

Portals:
Hell: Depths:1 Depths:2 Depths:3 Depths:4 Depths:5
Abyss: Depths:2 Depths:3 Depths:4
Pandemonium: Depths:3

Annotations:
Elf:2 3 runed translucent doors
Coc:7 Serpent of Hell


Innate Abilities, Weirdness & Mutations

You are small and have problems with some larger weapons.
You are completely attuned to the shadows.
You have a pair of small antennae on your head.
You are surrounded by a mild repulsion field. (EV +2)
Your mind is acute. (Int +2)
You are robust. (+10% HP)


Message History

The iron dragon barely misses you. The iron dragon tramples you.
You hold your ground!
The iron giant hits you with a +2 dire flail of pain!!
Evoke which item? (* to show all) (? for menu, Esc to quit)
Aiming: Paralyse
Press: ? - help, Shift-Dir - straight line, f/p - iron giant
Aim: an iron giant, wielding a +2 dire flail of pain (lightly wounded, infested, slow, susceptible to hostile enchantments, chance to defeat MR: 49%)
The iron giant resists with some effort.
The iron giant completely misses you. The iron dragon closely misses you.
The iron dragon completely misses you. x2
Evoke which item? (* to show all) (? for menu, Esc to quit)
Aiming: Paralyse
Press: ? - help, Shift-Dir - straight line, f/p - iron giant
Aim: an iron giant, wielding a +2 dire flail of pain (lightly wounded, infested, slow, susceptible to hostile enchantments, chance to defeat MR: 49%)
The iron giant resists with some effort.
The iron giant hits you with a +0 great mace!!!
* * * LOW HITPOINT WARNING * * *
The iron giant points at you and mumbles some strange words.
The iron shot hits you!!!
You die...

#..)))..#####...,,,,,*********
#).B............,,,,,,,,,,,,,,
####.).............,,,,,,,,,,,,,,
........^..........,,,,,,,,,,,,,,
##############'####**********+***
##.## *####* **,**
*#..(####....****,,,**
#.###C#......,,*,***,* #.*
#LCC.....,,,,* *,*
#,**#D#D.....,,*,***,*
*#...####....****,,,** ####*
*#..#* *****
*********************++#*********
,,,,,,,,,,,,,,,,,,,,,,,,,,,,,,,,,
,*,*,,*,*,,,,,,,,,,,,,,,,,,,,,,,,
,********,,,,,,,,,,,,,,,,,,,,,,,,
**,,,,,,***,,,,,*,*,*,,,*,*,*,,,*


You could see 3 iron giants and 2 iron dragons.

Vanquished Creatures
  Antaeus (Coc:7)
  Asmodeus (Geh:7)
  the Royal Jelly (Slime:5)
  5 ancient liches
  5 juggernauts
  24 greater mummies
  Boris (Crypt:2)
  Frederick (Crypt:2)
  4 shard shrikes
  The ghost of Qiokh the Slayer, a veteran MiBe of Trog (Elf:1)
  Geryon (Hell)
  2 golden dragons
  A caustic shrike (Depths:5)
  Jory (Crypt:2)
  A profane servitor (Abyss:3)
  Nikola (Snake:1)
  2 bone dragons
  A Hellbinder (WizLab)
  3 doom hounds
  2 pearl dragons (Zig:14)
  7 Tzitzimimeh
  12 Brimstone Fiends
  8 liches
  Jorgrun (Elf:1)
  5 tentacled monstrosities
  2 pandemonium lords
  2 titans
  5 Hell Sentinels
  6 Ice Fiends
  A quicksilver dragon (Vaults:5)
  5 deep elf blademasters (Elf:3)
  14 acid blobs
  6 deep elf master archers
  14 tentacled starspawn
  Frances (Swamp:2)
  4 Executioners
  7 sphinxes
  6 ancient champions
  2 thorn hunters
  The ghost of xzight the Severer, an adept MiBe of Trog (Swamp:1)
  Kirke (D:13)
  A storm dragon (Depths:5)
  7 azure jellies
  11 tengu reavers
  3 revenants
  Roxanne (Swamp:2)
  15 shadow dragons
  9 nagarajas
  2 daevas (Zig:14)
  A blood saint (Zig:16)
  17 fire giants
  3 iron dragons
  6 deep elf sorcerers
  15 frost giants
  An orc warlord (Zig:9)
  2 draconian knights
  Louise (Elf:1)
  12 vault wardens
  A corrupter (Zig:16)
  2 ghost moths (Zig:15)
  10 balrugs
  A caustic shrike zombie (Zig:6)
  6 cacodemons
  A black sun (WizLab)
  28 very ugly things
  2 deep elf elementalists (Elf:3)
  2 draconian scorchers (Depths:5)
  A curse skull (Vaults:3)
  9 angels
  2 draconian stormcallers (Abyss:3)
  14 ironheart preservers
  3 ghouls
  4 spriggan defenders
  13 reapers
  2 war gargoyles
  36 stone giants
  Nessos (D:12)
  9 entropy weavers
  7 vampire knights
  3 apis (Zig:14)
  5 deep elf demonologists
  3 ophanim (Zig:14)
  The ghost of Caath the Blocker, a journeyman DrFi of Okawaru (Lair:5)
  13 bennus
  11 deep elf annihilators
  4 lorocyprocas
  Azrael (D:12)
  3 halazid warlocks (Desolation)
  A minotaur (Gauntlet)
  13 spark wasps
  A crystal guardian (Desolation)
  13 mummy priests
  9 death oozes
  2 deep elf death magi
  14 blizzard demons
  5 eidola
  9 ettins
  3 deep elf high priests
  9 green deaths
  13 fire dragons
  2 jiangshi (Crypt:1)
  Snorg (D:12)
  2 quicksilver dragon zombies
  17 great orbs of eyes
  9 ragged hierophants (Desolation)
  A quicksilver dragon skeleton (Geh:7)
  25 yaktaur captains
  11 ogre magi
  The ghost of Ooooooops the Cleaver, a journeyman HOFi of Beogh (Orc:2)
  20 naga warriors
  Fannar (D:12)
  20 ice dragons
  25 hydras
  2 ghost crabs (Swamp:2)
  Josephine (D:15)
  Erolcha (D:13)
  2 servants of whispers (Desolation)
  A peacekeeper (Desolation)
  Erica (Lair:1)
  26 vault guards
  6 rakshasas
  7 spriggan air magi
  3 boulder beetles
  3 catoblepae
  2 death knights
  4 shambling mangroves
  10 anacondas
  7 alligators
  31 two-headed ogres
  8 tengu warriors
  23 dancing weapons
  5 shock serpents
  10 deep troll shamans
  10 centaur warriors
  8 death yaks (Lair:6)
  28 death scarabs
  15 hell hogs
  14 naga sharpshooters
  10 deep troll earth magi
  10 thrashing horrors
  6 spriggan berserkers
  An iron golem (Hell)
  5 vampire magi
  2 storm dragon zombies
  11 sun demons
  A shock serpent (shapeshifter) (Zig:2)
  2 titan zombies
  Sonja (D:13)
  19 deep elf knights
  A soul eater (Crypt:3)
  7 sixfirhies
  3 fire crabs
  8 iron trolls
  7 wretched stars
  A cherub (Zig:14)
  8 salamander mystics
  2 spatial maelstroms
  19 hell knights
  12 flayed ghosts
  3 shadow wraiths
  44 skeletal warriors
  2 unseen horrors
  A deep troll (shapeshifter) (Vaults:2)
  6 glowing orange brains
  20 deep trolls
  A sea snake (shapeshifter) (Elf:2)
  7 anaconda zombies
  20 starcursed masses
  An orange crystal statue (Zig:11)
  6 shadow demons
  2 spriggan druids (Swamp:4)
  7 swamp dragons
  16 ironbrand convokers
  A quicksilver dragon simulacrum (Zig:10)
  18 deep elf archers
  5 lindwurms
  An obsidian statue (Zig:3)
  8 naga ritualists
  6 anaconda skeletons
  3 wizards
  8 harpies
  A golden dragon skeleton (Crypt:1)
  16 orc knights
  Pikel (D:4)
  The ghost of dinky the Tainter, a novice VSVM (D:8)
  A wolf spider (shapeshifter) (Vaults:5)
  8 phantasmal warriors
  58 deep elf magi
  5 iron dragon zombies
  4 necromancers
  2 shadow dragon zombies
  20 cyclopes
  12 mana vipers
  5 manticores
  8 orc sorcerers
  2 shining eyes (shapeshifter)
  The ghost of om the Conjurer, a novice DrCj of Vehumet (D:5)
  3 fire giant zombies
  5 oklob plants
  4 wolf spiders
  A faun (Zig:4)
  2 stone giant zombies
  4 draconians (Abyss:3)
  4 orb spiders (Zig:15)
  18 salamanders
  A wolf spider zombie (Crypt:2)
  5 worldbinders
  3 salamanders (shapeshifter)
  49 ugly things
  4 dire elephant zombies
  3 frost giant zombies
  6 elephants (Gauntlet)
  4 shining eyes
  An apocalypse crab (Abyss:3)
  38 black mambas
  A stone giant skeleton (Tar:2)
  4 iron dragon skeletons
  2 moths of wrath (Zig:13)
  5 centaur zombies
  A shock serpent zombie (Tar:4)
  Maurice (D:12)
  24 guardian serpents
  A titan simulacrum (Tar:5)
  3 torpor snails
  13 rust devils
  3 eyes of devastation
  2 frost giant skeletons
  3 gargoyles
  6 molten gargoyles
  A shock serpent skeleton (Tar:1)
  17 vault sentinels
  A torpor snail (shapeshifter) (Vaults:5)
  5 orange demons
  19 smoke demons
  17 naga magi
  10 cane toads
  Maggie (D:7)
  A cane toad (shapeshifter) (Vaults:5)
  7 ice statues
  An eye of devastation (shapeshifter) (Depths:4)
  An emperor scorpion zombie (Coc:3)
  3 rime drakes
  5 kobold demonologists
  19 hellions
  3 dire elephant skeletons
  72 yaktaurs
  14 komodo dragons
  13 tormentors
  22 freezing wraiths
  40 guardian mummies
  A golden dragon simulacrum (Tar:5)
  An anaconda simulacrum (Tar:5)
  5 efreet
  12 ice devils
  10 ancient zymes
  15 trolls
  2 demonic crawlers
  6 hellwings
  7 hydra zombies
  12 red devils
  5 polar bears
  An iron troll skeleton (Crypt:3)
  21 hornets
  A harpy zombie (Crypt:1)
  2 wind drakes (shapeshifter)
  7 jumping spiders
  5 harpy skeletons
  13 tyrant leeches
  3 polar bears (shapeshifter)
  A tarantella zombie (Crypt:2)
  A silent spectre (Tar:2)
  60 slime creatures
  4 ice dragon zombies
  44 saltlings (Desolation)
  5 hydra skeletons
  16 raiju
  28 large abominations
  9 bog bodies
  An iron dragon simulacrum (Tomb:1)
  4 alligator zombies
  4 ettin zombies
  2 blink frogs (shapeshifter)
  A boulder beetle zombie (Crypt:3)
  4 blink frogs (Swamp:2)
  A frost giant simulacrum (Tomb:2)
  A raiju (shapeshifter) (Vaults:2)
  13 dream sheep (Lair:5)
  64 flying skulls
  An ice dragon skeleton (Tar:7)
  9 redbacks
  6 fire dragon skeletons
  3 fire dragon zombies
  An ettin skeleton (Geh:5)
  An alligator skeleton (Geh:3)
  9 spriggans
  3 air elementals
  2 vampires
  16 shadows
  3 centaur simulacra
  64 yaks
  16 ynoxinuls
  2 tarantellas (Zig:15)
  2 hogs (shapeshifter)
  5 ushabtiu
  24 wraiths
  11 wyverns
  Eustachio (D:4)
  9 basilisks
  A hog (D:13)
  21 water elementals
  A yak (shapeshifter) (D:14)
  10 fire bats
  4 neqoxecs
  A wyvern (shapeshifter) (Depths:2)
  4 steam dragons
  23 fire elementals
  12 chaos spawn
  A yaktaur simulacrum (Vaults:1)
  7 golden eyes
  17 vampire mosquitoes
  An elf skeleton (Depths:4)
  19 insubstantial wisps
  Menkaure (D:4)
  A soldier ant (shapeshifter) (Vaults:4)
  20 swamp worms
  A swamp worm (shapeshifter) (Vaults:5)
  2 hydra simulacra (Hell)
  43 nagas
  2 wargs
  24 water moccasins
  A floating eye (shapeshifter) (Depths:2)
  2 soldier ants
  An acid dragon (D:15)
  4 cane toad zombies
  11 hell hounds
  Duvessa (D:7)
  A black bear (shapeshifter) (Depths:4)
  17 black bears
  2 ice beasts
  2 cane toad skeletons
  53 ogres
  40 orc warriors
  14 swamp drakes
  7 sky beasts
  3 phantoms
  A hornet zombie (D:9)
  12 necrophages
  9 boggarts
  An ettin simulacrum (Abyss:2)
  8 eyes of draining
  15 wolves
  10 centaurs
  A centaur (shapeshifter) (Vaults:2)
  2 snapping turtle skeletons
  20 bullfrogs
  2 big kobolds
  23 small abominations
  Blork the orc (D:5)
  A rime drake skeleton (Crypt:2)
  A gnoll sergeant (D:13)
  2 wyvern zombies
  5 earth elementals
  A cane toad simulacrum (Hell)
  2 glowing shapeshifter simulacra
  3 scorpions
  A hornet simulacrum (Gauntlet)
  A polar bear zombie (Crypt:1)
  Dowan (D:7)
  2 human simulacra
  14 killer bees
  2 troll zombies
  21 wights
  4 electric eels
  3 howler monkeys (D:7)
  A crimson imp (Depths:2)
  4 bullfrog zombies
  6 lava snakes
  A human zombie (Dis:5)
  6 quasits
  9 hounds
  13 jellies
  22 orc priests
  6 centaur skeletons
  32 orc wizards
  A black bear skeleton (Crypt:1)
  6 bullfrog skeletons
  A human skeleton (Coc:3)
  10 iron imps
  Jessica (D:2)
  6 iguanas
  Ijyb (D:3)
  Natasha (thrice) (D:2)
  A basilisk skeleton (Crypt:1)
  13 worker ants
  A dwarf zombie (Crypt:1)
  A naga zombie (Crypt:3)
  A bullfrog simulacrum (Gauntlet)
  A tengu skeleton (Geh:7)
  A hound zombie (D:5)
  A howler monkey zombie (Crypt:2)
  31 mummies
  A worker ant zombie (D:5)
  9 gnolls
  A howler monkey skeleton (Crypt:3)
  13 adders
  3 shadow imps
  16 white imps
  5 ufetubi
  An adder zombie (D:9)
  An adder skeleton (D:8)
  3 worms
  3 dart slugs
  2 leopard geckos
  82 orcs
  7 giant cockroaches
  5 hobgoblins
  11 jackals
  6 quokkas
  A ball python (Snake:4)
  10 bats
  4 goblins
  A jackal zombie (D:7)
  14 kobolds
  4 quokka skeletons
  6 rats
  5 starspawn tentacles
  2 tentacles
3412 creatures vanquished.

Vanquished Creatures (collateral kills)
  Dissolution (Slime:2)
  Ereshkigal (Tar:7)
  2 ancient liches
  3 juggernauts (Zig:13)
  10 greater mummies
  2 shard shrikes
  A pearl dragon (Zig:14)
  3 bone dragons
  A doom hound (Tar:7)
  A hellephant (Zig:8)
  An iron giant (Dis:7)
  A tentacled monstrosity (Vaults:5)
  10 Tzitzimimeh
  4 Ice Fiends
  5 liches
  A kraken (Abyss:2)
  2 titans (Vaults:5)
  A deep elf master archer (Elf:3)
  An eldritch tentacle (Zig:16)
  10 acid blobs
  5 sphinxes
  3 tentacled starspawn
  6 ancient champions
  4 shadow dragons
  A tengu reaver (Vaults:5)
  8 azure jellies
  2 revenants (Crypt:2)
  2 storm dragons (Vaults:5)
  A daeva (Zig:14)
  A fire giant (Vaults:5)
  A deep elf sorcerer (Abyss:3)
  4 frost giants
  A cacodemon (Abyss:3)
  An iron dragon (Dis:7)
  A vault warden (Vaults:5)
  2 draconian knights (Zig:10)
  8 balrugs
  A draconian scorcher (Geh:2)
  A ghost moth (Zig:15)
  A juggernaut zombie (Zig:6)
  A draconian shifter (Abyss:3)
  4 ghouls
  A draconian stormcaller (Abyss:3)
  2 warmongers (Zig:16)
  4 emperor scorpions (Zig:15)
  An angel (Zig:14)
  15 reapers
  A war gargoyle (Hell)
  5 vampire knights
  5 very ugly things
  4 ironheart preservers
  5 stone giants
  A dire elephant (Zig:8)
  An apis (Zig:14)
  A starcursed mass (Abyss:1)
  6 bennus
  The ghost of Plazmod the Devastator, a journeyman DECj of Vehumet (Lair:5)
  A deep elf demonologist (Abyss:3)
  A yellow draconian (Abyss:1)
  A halazid warlock (Desolation)
  2 quicksilver dragon zombies
  3 eidola
  16 mummy priests
  3 ettins
  6 jiangshi (Crypt:2)
  A crystal guardian (Desolation)
  3 death oozes
  A kraken zombie (Coc:7)
  A merfolk impaler (Depths:3)
  A ragged hierophant (Desolation)
  9 blizzard demons
  4 yaktaur captains (Vaults:5)
  3 deep elf death magi
  4 deep elf high priests
  A fire dragon (Depths:2)
  5 vault guards (Vaults:5)
  2 peacekeepers (Desolation)
  A great orb of eyes (Zig:11)
  7 ice dragons
  3 quicksilver dragon skeletons
  A hydra (Zig:8)
  An anaconda (Snake:4)
  A ghost crab (Tar:7)
  3 death knights
  31 death scarabs
  3 ogre magi (Orc:2)
  10 two-headed ogres (Orc:2)
  2 vampire magi (Crypt:2)
  13 hell hogs
  7 orc high priests
  2 titan zombies
  A thrashing horror (Abyss:3)
  15 hell knights
  3 deep elf knights
  3 sun demons
  3 soul eaters
  An iron troll (Zig:9)
  2 storm dragon zombies
  7 wretched stars
  A sixfirhy (Abyss:5)
  3 titan skeletons
  An iron golem (Hell)
  2 storm dragon skeletons
  A fire crab (shapeshifter) (Vaults:5)
  A ghost moth zombie (Geh:2)
  2 deep trolls (Swamp:1)
  54 skeletal warriors
  A cherub (Zig:14)
  2 golden dragon zombies
  A shadow wraith (Crypt:3)
  10 flayed ghosts
  A spark wasp zombie (Crypt:3)
  An unseen horror (Abyss:5)
  3 anaconda zombies
  4 glowing orange brains
  2 shadow dragon zombies
  9 shadow demons
  An obsidian statue (Zig:11)
  An infernal demonspawn (Zig:16)
  2 ironbrand convokers (Vaults:5)
  A golden dragon skeleton (Coc:3)
  An orange crystal statue (Zig:3)
  An orb spider (Zig:15)
  An orc knight (Vaults:5)
  9 phantasmal warriors
  3 necromancers
  3 iron dragon zombies
  2 anaconda skeletons
  A deep elf archer (Elf:2)
  5 shadow dragon skeletons
  A cyclops (Swamp:1)
  A shining eye (shapeshifter) (Vaults:5)
  7 deep elf magi
  A wolf spider zombie (Dis:5)
  A lindwurm (Snake:4)
  A stone giant zombie (Coc:2)
  2 worldbinders (Abyss:1)
  4 shining eyes
  2 ugly things
  A moth of wrath (shapeshifter) (Vaults:2)
  4 frost giant zombies
  A dire elephant zombie (Coc:3)
  A frost giant skeleton (Geh:5)
  3 moths of wrath
  2 fire giant skeletons
  3 stone giant skeletons
  11 large abominations
  8 smoke demons
  5 rust devils
  2 shock serpent zombies
  An apocalypse crab (Abyss:3)
  A vault sentinel (Vaults:2)
  3 eyes of devastation
  2 torpor snails (Zig:8)
  2 orange demons
  A cane toad (Swamp:2)
  2 shock serpent skeletons
  6 molten gargoyles (Geh:7)
  A storm dragon simulacrum (Hell)
  An ice statue (Zig:11)
  2 demonic crawlers (Zig:15)
  7 hellions
  8 yaktaurs
  4 dire elephant skeletons
  A rime drake (Zig:8)
  32 guardian mummies
  A kobold demonologist (Abyss:3)
  5 freezing wraiths
  9 ice devils
  8 tormentors
  An anaconda simulacrum (Abyss:3)
  An efreet (Abyss:2)
  10 hydra zombies
  A pale draconian skeleton (Crypt:2)
  A minotaur skeleton (Geh:7)
  2 ancient zymes
  4 red devils
  A hornet (Vaults:5)
  5 trolls
  3 fire dragon zombies
  A polar bear (Swamp:1)
  4 harpy skeletons
  8 saltlings (Desolation)
  2 ettin zombies
  13 raiju
  38 slime creatures
  A dream sheep (Zig:8)
  3 hydra skeletons
  A bog body (Coc:7)
  An alligator zombie (Coc:7)
  An ice dragon zombie (Tar:7)
  A fire dragon skeleton (Geh:6)
  64 flying skulls
  11 shadows
  A tarantella (Zig:15)
  3 alligator skeletons
  4 ettin skeletons
  2 water elementals
  A redback (Zig:15)
  17 ushabtiu
  6 wraiths
  5 ynoxinuls
  5 fire elementals
  A black mamba skeleton (Geh:5)
  A yak (Zig:8)
  A hog (shapeshifter) (Vaults:5)
  3 neqoxecs (Abyss:3)
  A fire bat (Abyss:2)
  A golden eye (Slime:5)
  A chaos spawn (Abyss:3)
  A naga (Snake:4)
  An infernal demonspawn zombie (Crypt:1)
  A merfolk zombie (Coc:3)
  2 insubstantial wisps (Zig:3)
  2 water moccasins (Zig:8)
  A floating eye (Slime:5)
  4 hell hounds (Geh:5)
  8 orc warriors
  3 cane toad skeletons
  A black bear (Vaults:2)
  12 eyes of draining
  6 ice beasts
  9 necrophages
  14 ogres
  2 phantoms
  A snapping turtle zombie (Crypt:2)
  2 boggarts (Abyss:3)
  An elephant skeleton (Crypt:2)
  A manticore skeleton (Geh:5)
  A spriggan skeleton (Crypt:2)
  17 wights
  2 crimson imps
  A human zombie (Crypt:2)
  2 quasits (Abyss:3)
  2 iron imps
  A centaur zombie (Dis:1)
  3 orc priests
  A human skeleton (Tar:5)
  2 orc wizards
  5 small abominations
  29 mummies
  5 shadow imps
  4 white imps
  A barachi zombie (Crypt:3)
  3 orcs
  A ball python zombie (Crypt:2)
  An orc skeleton (Crypt:2)
  2 starspawn tentacles
  3 tentacles
1038 creatures vanquished.

Vanquished Creatures (others)
  A greater mummy (Tomb:3)
  A Brimstone Fiend (Tomb:3)
  An eldritch tentacle (Tomb:3)
  An ancient champion (Tomb:3)
  A draconian scorcher (Geh:2)
  An elemental wellspring (Coc:7)
  A bennu (Tomb:3)
  A green draconian (Abyss:1)
  A two-headed ogre (Orc:2)
  3 mummy priests (Tomb:3)
  2 ice dragons (Coc:7)
  A hydra (Swamp:4)
  A hell hog (Abyss:1)
  A vampire mage (Vaults:3)
  A spriggan (Swamp:2)
  3 skeletal warriors (Tomb:3)
  A lindwurm (Swamp:4)
  A deep elf mage (D:8)
  A molten gargoyle (Geh:7)
  2 guardian mummies (Tomb:3)
  A saltling (Desolation)
  A hornet (Swamp:2)
  A water elemental (Depths:3)
  An ushabti (Crypt:3)
  A golden eye (Abyss:5)
  A fire elemental (Geh:2)
  5 steam dragons (Swamp:4)
  2 swamp drakes (Swamp:4)
  A cane toad skeleton (Hell)
  An ogre (Orc:2)
  2 wights (Geh:5)
  3 mummies (Tomb:3)
  A briar patch (Swamp:4)
  5 demonic plants (Abyss:3)
  32 fungi
  2 lurking horrors
  36 plants
  27 starspawn tentacles
  5 tentacles
154 creatures vanquished.

Grand Total: 4604 creatures vanquished

Notes
Turn   | Place    | Note
-------+----------+-------------------------------------------
     0 | D:1      | miscthings the Kobold Berserker began the quest for the
                  | Orb.
     0 | D:1      | Reached XP level 1. HP: 14/14 MP: 1/1
   178 | D:1      | Reached XP level 2. HP: 19/19 MP: 2/2
   499 | D:1      | Reached skill level 5 in Short Blades
   826 | D:2      | Reached XP level 3. HP: 14/23 MP: 3/3
  1219 | D:2      | Reached XP level 4. HP: 25/28 MP: 4/4
  1395 | D:2      | Noticed Jessica
  1404 | D:2      | Killed Jessica
  1505 | D:2      | Noticed Natasha
  1510 | D:2      | Killed Natasha
  1510 | D:2      | Reached XP level 5. HP: 32/32 MP: 5/5
  2042 | D:2      | Noticed Natasha
  2049 | D:2      | Killed Natasha
  2163 | D:2      | Noticed Natasha
  2168 | D:2      | Killed Natasha
  2273 | D:3      | Reached ** piety under Trog
  2348 | D:3      | Reached XP level 6. HP: 37/37 MP: 6/6
  2829 | D:3      | Noticed Ijyb
  2835 | D:3      | Killed Ijyb
  2997 | D:3      | You fall into a shaft and drop 1 floor!
  3103 | D:3      | Found a burning altar of Makhleb.
  3230 | D:3      | Found a hazy altar of Hepliaklqana.
  3272 | D:4      | Found a basalt altar of Yredelemnul.
  3285 | D:4      | Noticed Menkaure
  3291 | D:4      | Killed Menkaure
  3291 | D:4      | Reached XP level 7. HP: 41/41 MP: 7/7
  3335 | D:4      | Found a glowing golden altar of the Shining One.
  3335 | D:4      | Found a white marble altar of Elyvilon.
  3336 | D:4      | Found a glowing silver altar of Zin.
  3369 | D:4      | Got a vibrating bronze ring
  3371 | D:4      | Identified the ring of Oxes {rPois Dex+3 Stlth+} (You found
                  | it on level 4 of the Dungeon)
  3509 | D:4      | Reached skill level 10 in Short Blades
  3535 | D:4      | Noticed Eustachio
  3542 | D:4      | Killed Eustachio
  3670 | D:4      | Noticed Pikel
  3692 | D:4      | Killed Pikel
  3692 | D:4      | Reached XP level 8. HP: 46/46 MP: 8/8
  3849 | D:4      | Gained mutation: You are covered in fur. (AC +1) [potion of
                  | mutation]
  3849 | D:4      | Gained mutation: You are weak. (Str -2) [potion of
                  | mutation]
  3849 | D:4      | Gained mutation: Your flesh is cold resistant. (rC+)
                  | [potion of mutation]
  3914 | D:4      | Reached *** piety under Trog
  4085 | D:4      | Found a staircase to the Ecumenical Temple.
  4091 | Temple   | Entered the Ecumenical Temple
  4490 | D:5      | Entered Level 5 of the Dungeon
  4563 | D:5      | Noticed Blork the orc
  4575 | D:5      | Killed Blork the orc
  4805 | D:5      | Found a runed translucent gate.
  4806 | D:5      | Found a runed translucent gate.
  4807 | D:5      | Found a runed translucent gate.
  4843 | D:5      | Noticed om's ghost (novice DrCj)
  4856 | D:5      | Reached skill level 1 in Stealth
  4856 | D:5      | Reached XP level 9. HP: 45/51 MP: 9/9
  4889 | D:5      | Killed om's ghost
  4889 | D:5      | Reached skill level 3 in Dodging
  4969 | D:5      | Reached skill level 4 in Dodging
  5391 | D:6      | Got a smouldering leather armour
  5402 | D:6      | Identified the cursed +0 leather armour of the Playwright
                  | {Rampage Regen+} (You found it on level 6 of the Dungeon)
  5931 | D:6      | Found an ornate altar of the Wu Jian Council.
  6071 | D:6      | Found a sparkling altar of Nemelex Xobeh.
  6200 | D:6      | Found a bloodstained altar of Trog.
  6277 | D:7      | Noticed Duvessa
  6278 | D:7      | Noticed Dowan
  6283 | D:7      | Killed Dowan
  6283 | D:7      | Reached skill level 5 in Fighting
  6291 | D:7      | Killed Duvessa
  6328 | D:7      | Reached skill level 5 in Dodging
  6328 | D:7      | Reached skill level 5 in Stealth
  6421 | D:7      | Reached XP level 10. HP: 58/58 MP: 10/10
  6425 | D:7      | Found a shimmering altar of Xom.
  6502 | D:7      | Found an iron altar of Okawaru.
  6553 | D:7      | You fall into a shaft and drop 1 floor!
  6570 | D:8      | Noticed a deep elf mage
  6666 | D:7      | Got a slimy quarterstaff
  6667 | D:7      | Identified the +5 quarterstaff "Paola" {pain, rC+ Dex+4}
                  | (You found it on level 7 of the Dungeon)
  6781 | D:7      | Noticed Maggie
  6786 | D:7      | Killed Maggie
  6786 | D:7      | Reached skill level 6 in Dodging
  6786 | D:7      | Reached skill level 5 in Evocations
  6974 | D:8      | Reached **** piety under Trog
  7270 | D:8      | Found a shadowy altar of Dithmenos.
  7515 | D:8      | Reached skill level 7 in Dodging
  7670 | D:8      | Found a transporter.
  7671 | D:8      | Noticed a manticore
  7671 | D:8      | Noticed a centaur warrior
  7725 | D:8      | Found a transporter.
  7817 | D:8      | Noticed a death knight
  7860 | D:8      | Found a runed translucent gate.
  7861 | D:8      | Found a runed translucent gate.
  7861 | D:8      | Found an opulent altar of Gozag.
  7862 | D:8      | Found a runed translucent gate.
  7979 | D:8      | Noticed a two-headed ogre
  7979 | D:8      | Noticed dinky's ghost (novice VSVM)
  7982 | D:8      | Killed dinky's ghost
  7982 | D:8      | Reached XP level 11. HP: 66/66 MP: 11/11
  7985 | D:8      | Killed a two-headed ogre
  8105 | D:9      | Reached skill level 8 in Dodging
  8147 | D:9      | Reached ***** piety under Trog
  8431 | D:9      | Noticed a two-headed ogre
  8443 | D:9      | Killed a two-headed ogre
  8569 | D:9      | Found a radiant altar of Vehumet.
  8875 | D:9      | Got an encrusted chain mail
  8887 | D:9      | Identified the +2 chain mail of Sunlight {+Fly} (You found
                  | it on level 9 of the Dungeon)
  9016 | D:9      | Found a hide-covered altar of Uskayaw.
  9142 | D:10     | Entered Level 10 of the Dungeon
  9174 | D:10     | Found Hiz Jer's Assorted Antiques.
  9179 | D:10     | Bought a scroll labeled LYBUTS QESOX for 27 gold pieces
  9179 | D:10     | Bought a white potion for 24 gold pieces
  9231 | D:10     | Killed an unseen horror
  9231 | D:10     | Reached skill level 10 in Stealth
  9272 | D:10     | Reached skill level 9 in Dodging
  9813 | D:10     | Reached XP level 12. HP: 75/75 MP: 12/12
 10139 | D:10     | Found a staircase to the Orcish Mines.
 10142 | D:10     | Received a gift from Trog
 10541 | D:11     | Reached skill level 10 in Dodging
 10667 | D:11     | Found a staircase to the Lair.
 10851 | D:11     | Reached skill level 10 in Evocations
 10942 | D:11     | Found Vulase's Armour Shop.
 11172 | D:11     | Reached skill level 10 in Fighting
 11496 | D:11     | Noticed a two-headed ogre
 11496 | D:11     | Noticed a seven-headed hydra
 11498 | D:11     | Killed a two-headed ogre
 11500 | D:11     | Killed a seven-headed hydra
 11978 | Orc:1    | Entered Level 1 of the Orcish Mines
 11987 | Orc:1    | Found Hithrige's Weapon Boutique.
 12031 | Orc:1    | Reached XP level 13. HP: 82/82 MP: 13/13
 12374 | Orc:1    | Reached ****** piety under Trog
 12406 | Orc:1    | Reached skill level 11 in Dodging
 12528 | Orc:1    | Received a gift from Trog
 12713 | Orc:1    | Got a twisted broad axe {god gift}
 12715 | Orc:1    | Identified the +10 broad axe of Juddeceh {flame, Str+3
                  | Int+3 Dex+3} (Trog gifted it to you on level 1 of the
                  | Orcish Mines)
 12734 | Orc:2    | Entered Level 2 of the Orcish Mines
 12839 | Orc:2    | Found a staircase to the Elven Halls.
 12865 | Orc:2    | Found a runed translucent door.
 12870 | Orc:2    | Noticed Ooooooops's ghost (journeyman HOFi)
 12882 | Orc:2    | Killed Ooooooops's ghost
 13508 | Orc:2    | Found Xoefeb's Gadget Emporium.
 13508 | Orc:2    | Found Uzoygape's Distillery.
 13508 | Orc:2    | Noticed an ogre mage
 13521 | Orc:2    | Killed an ogre mage
 13529 | Orc:2    | Killed a two-headed ogre
 13548 | Orc:2    | Noticed an ogre mage
 13552 | Orc:2    | Killed an ogre mage
 13567 | Orc:2    | Reached skill level 12 in Dodging
 13629 | Orc:2    | Found Fabar's Gadget Boutique.
 13629 | Orc:2    | Found Luveceq's Book Shoppe.
 13640 | Orc:2    | Bought a potion of haste for 140 gold pieces
 13640 | Orc:2    | Bought a potion of ambrosia for 112 gold pieces
 13643 | Orc:2    | Bought a wand of enslavement (9) for 121 gold pieces
 13643 | Orc:2    | Bought a wand of disintegration (9) for 143 gold pieces
 13643 | Orc:2    | Bought a condenser vane (2/2) for 220 gold pieces
 13644 | Orc:2    | Bought a wand of acid (8) for 336 gold pieces
 13646 | Orc:2    | Bought a potion of mutation for 112 gold pieces
 13646 | Orc:2    | Bought a potion of mutation for 112 gold pieces
 13646 | Orc:2    | Bought 2 potions of mutation for 224 gold pieces
 13646 | Orc:2    | Lost mutation: You are covered in fur. (AC +1) [potion of
                  | mutation]
 13646 | Orc:2    | Lost mutation: You are weak. (Str -2) [potion of mutation]
 13646 | Orc:2    | Lost mutation: Your flesh is cold resistant. (rC+) [potion
                  | of mutation]
 13646 | Orc:2    | Gained mutation: Scrolls take you a little longer to read.
                  | [potion of mutation]
 13646 | Orc:2    | Gained mutation: You are frail. (-10% HP) [potion of
                  | mutation]
 13646 | Orc:2    | Gained mutation: You possess an exceptional clarity of
                  | mind. [potion of mutation]
 13648 | Orc:2    | Lost mutation: You possess an exceptional clarity of mind.
                  | [potion of mutation]
 13648 | Orc:2    | Lost mutation: Scrolls take you a little longer to read.
                  | [potion of mutation]
 13648 | Orc:2    | Lost mutation: You are frail. (-10% HP) [potion of
                  | mutation]
 13648 | Orc:2    | Gained mutation: You evolve. [potion of mutation]
 13648 | Orc:2    | Gained mutation: Your magical capacity is low. (-10% MP)
                  | [potion of mutation]
 13648 | Orc:2    | Gained mutation: Your movements are slightly less
                  | encumbered by armour. (ER -2) [potion of mutation]
 13964 | Lair:1   | Entered Level 1 of the Lair of Beasts
 13986 | Lair:1   | Noticed an eight-headed hydra
 13989 | Lair:1   | Killed an eight-headed hydra
 14007 | Lair:1   | Noticed Erica
 14009 | Lair:1   | Killed Erica
 14017 | Lair:1   | Received a gift from Trog
 14108 | Lair:1   | Reached XP level 14. HP: 76/91 MP: 4/12
 14297 | Lair:1   | Got an ancient bronze ring
 14299 | Lair:1   | Identified the ring "Beyhum" {Wiz rC- rN+ Str+2 Dex+5} (You
                  | found it on level 1 of the Lair of Beasts)
 14565 | Lair:1   | Gained mutation: You have large cloven feet. [evolution]
 15970 | D:12     | Reached skill level 13 in Dodging
 15990 | D:12     | Noticed Azrael
 16022 | D:12     | Killed Azrael
 16022 | D:12     | Reached skill level 15 in Stealth
 16071 | D:12     | Noticed Nessos
 16074 | D:12     | Killed Nessos
 16128 | D:12     | Found a gate leading to a gauntlet.
 16165 | Gauntlet | Entered a Gauntlet
 16165 | Gauntlet | Found a transporter.
 16206 | Gauntlet | Found a transporter.
 16219 | Gauntlet | Noticed an entropy weaver
 16223 | Gauntlet | Found a transporter.
 16243 | Gauntlet | Found a runed translucent door.
 16265 | Gauntlet | Found a transporter.
 16310 | Gauntlet | Found a transporter.
 16310 | Gauntlet | Found a transporter.
 16352 | Gauntlet | Found a transporter.
 16352 | Gauntlet | Found a transporter.
 16355 | Gauntlet | Found a runed translucent door.
 16506 | Gauntlet | Found a transporter.
 16538 | Gauntlet | Found a transporter.
 16564 | Gauntlet | Found a transporter.
 16564 | Gauntlet | Found a transporter.
 16592 | Gauntlet | Killed an entropy weaver
 16597 | Gauntlet | Received a gift from Trog
 16640 | Gauntlet | Got a pair of crude boots
 16646 | Gauntlet | Identified the cursed +0 pair of boots of Supple Strength
                  | {*Contam Harm rPois rCorr} (You found it in a Gauntlet)
 16653 | Gauntlet | Noticed a minotaur
 16678 | Gauntlet | Killed a minotaur
 16719 | Gauntlet | Got a translucent helmet
 16731 | Gauntlet | Identified the +0 helmet "Ozxakk" {rPois rN+++ MR- Str-4}
                  | (You found it in a Gauntlet)
 16744 | Gauntlet | Identified Baiseupp's Volume of Translocation and Air
 16951 | D:10     | Bought a scroll of identify for 54 gold pieces
 17020 | D:8      | Reached XP level 15. HP: 97/97 MP: 4/13
 17064 | D:8      | Got a vibrating amber ring
 17071 | D:8      | Identified the Compendium of Clay and Transmutation
 17079 | D:8      | Got a twitching steel ring
 17087 | D:8      | Identified the ring of Giop {rElec rPois rF+ MR- EV+4} (You
                  | found it on level 8 of the Dungeon)
 17090 | D:8      | Identified the ring "Semor" {rElec MR+ Str+7 Dex-5 Stlth-}
                  | (You found it on level 8 of the Dungeon)
 17363 | D:12     | Noticed Snorg
 17365 | D:12     | Killed Snorg
 17407 | D:12     | Found a blossoming altar of Fedhas.
 17499 | D:12     | Noticed Maurice
 17502 | D:12     | Killed Maurice
 17523 | D:12     | Noticed Fannar
 17526 | D:12     | Killed Fannar
 18055 | D:13     | Reached skill level 14 in Dodging
 18102 | D:13     | Noticed Sonja
 18103 | D:13     | Killed Sonja
 18398 | D:13     | Noticed Kirke
 18400 | D:13     | Killed Kirke
 18640 | D:13     | Noticed Erolcha
 18642 | D:13     | Killed Erolcha
 19510 | D:14     | Found Jughady's Assorted Antiques.
 19515 | D:14     | Bought a fuming silvery potion for 27 gold pieces
 19515 | D:14     | Bought a scroll labeled MITWYSK ZIJI for 31 gold pieces
 19515 | D:14     | Bought a coppery potion for 27 gold pieces
 19589 | D:14     | Reached skill level 1 in Throwing
 19819 | D:14     | Received a gift from Trog
 20114 | D:14     | Found a gate to the Vaults.
 20374 | D:14     | Gained mutation: Your flesh is cold resistant. (rC+)
                  | [evolution]
 20517 | D:14     | Reached XP level 16. HP: 105/105 MP: 4/14
 20574 | D:15     | Entered Level 15 of the Dungeon
 20980 | D:15     | Found a staircase to the Depths.
 20993 | D:15     | Reached skill level 1 in Shields
 21018 | D:15     | Noticed Josephine
 21020 | D:15     | Killed Josephine
 21943 | Lair:3   | Received a gift from Trog
 21980 | Lair:3   | Reached skill level 15 in Dodging
 22132 | Lair:3   | Found a staircase to the Swamp.
 22172 | Lair:3   | Found a staircase to the Snake Pit.
 23350 | Lair:4   | Identified a scroll of acquirement
 23351 | Lair:4   | Acquired a +2 pair of boots of flying
 23479 | Lair:4   | Got a shimmering ring mail
 23490 | Lair:4   | Identified the +3 ring mail of Roappiyn {Int+4} (You found
                  | it on level 4 of the Lair of Beasts)
 24016 | Lair:5   | Found a transporter.
 24056 | Lair:5   | Found a staircase to the Slime Pits.
 24057 | Lair:5   | Found a viscous altar of Jiyva.
 24061 | Lair:5   | You are sucked into a shaft and drop 1 floor!
 24061 | Lair:6   | Entered Level 6 of the Lair of Beasts
 24493 | Lair:5   | Found a runed translucent gate.
 24493 | Lair:5   | Found a runed translucent gate.
 24493 | Lair:5   | Found a runed translucent gate.
 24790 | Lair:5   | Reached skill level 5 in Throwing
 24812 | Lair:5   | Received a gift from Trog
 24931 | Lair:5   | Found a transporter.
 25309 | Lair:5   | Noticed Plazmod's ghost (journeyman DECj)
 25309 | Lair:5   | Noticed Caath's ghost (journeyman DrFi)
 25363 | Lair:5   | Killed Caath's ghost
 25364 | Lair:5   | Killed Plazmod's ghost
 25748 | Lair:6   | Lost mutation: You evolve. [evolution]
 25812 | Lair:6   | Reached XP level 17. HP: 112/112 MP: 15/15
 25891 | Lair:6   | Found a white marble altar of Elyvilon.
 26010 | Lair:6   | Found a large runed translucent door.
 26011 | Lair:6   | Found a large runed translucent door.
 26038 | Lair:6   | Reached skill level 5 in Shields
 26528 | Lair:6   | Reached skill level 5 in Armour
 26747 | Elf:1    | Entered Level 1 of the Elven Halls
 26747 | Elf:1    | Noticed Louise
 26749 | Elf:1    | Killed Louise
 26757 | Elf:1    | Noticed Jorgrun
 26784 | Elf:1    | Killed Jorgrun
 26913 | Elf:1    | Found a runed translucent gate.
 26913 | Elf:1    | Found a runed translucent gate.
 26913 | Elf:1    | Found a runed translucent gate.
 26916 | Elf:1    | Noticed Qiokh's ghost (veteran MiBe)
 27295 | Elf:1    | Reached skill level 15 in Fighting
 27317 | Elf:1    | Reached skill level 16 in Dodging
 27363 | Elf:1    | Received a gift from Trog
 28325 | Elf:2    | Reached XP level 18. HP: 119/119 MP: 16/16
 28548 | Elf:2    | Received a gift from Trog
 28729 | Elf:2    | Found a runed translucent gate.
 28730 | Elf:2    | Found a runed translucent gate.
 28732 | Elf:2    | Found a runed translucent gate.
 28837 | Elf:3    | Entered Level 3 of the Elven Halls
 28927 | Elf:3    | Reached skill level 17 in Dodging
 29075 | Elf:3    | Got a brightly glowing chain mail
 29088 | Elf:3    | Identified the +1 chain mail of the Watchman {+Fly Str+6}
                  | (You found it on level 3 of the Elven Halls)
 29205 | Elf:3    | Found a portal to a secret trove of treasure.
 29490 | Elf:3    | Found Piahuipp's Distillery.
 29495 | Elf:3    | Bought a potion of heal wounds for 60 gold pieces
 29495 | Elf:3    | Bought a potion of mutation for 96 gold pieces
 29495 | Elf:3    | Bought a potion of might for 48 gold pieces
 29495 | Elf:3    | Bought a potion of stabbing for 48 gold pieces
 29495 | Elf:3    | Bought a potion of curing for 36 gold pieces
 29622 | Elf:3    | Noticed a deep elf master archer
 29624 | Elf:3    | Noticed a deep elf blademaster
 29624 | Elf:3    | Noticed a deep elf blademaster
 29625 | Elf:3    | Killed a deep elf master archer
 29626 | Elf:3    | Noticed a deep elf master archer
 29627 | Elf:3    | Killed a deep elf blademaster
 29629 | Elf:3    | Killed a deep elf blademaster
 29631 | Elf:3    | Killed a deep elf master archer
 29657 | Elf:3    | Noticed a deep elf master archer
 29658 | Elf:3    | Received a gift from Trog
 29661 | Elf:3    | Noticed a deep elf blademaster
 29692 | Elf:3    | Killed a deep elf blademaster
 29727 | Elf:3    | Killed a deep elf master archer
 29821 | Elf:3    | Got a polished dagger {god gift}
 29823 | Elf:3    | Identified the +8 dagger of Plunder {vorpal, rElec rF+
                  | Str+3} (Trog gifted it to you on level 3 of the Elven
                  | Halls)
 29888 | Elf:3    | Noticed a deep elf master archer
 29890 | Elf:3    | Reached XP level 19. HP: 127/127 MP: 17/17
 29910 | Elf:3    | Noticed a deep elf blademaster
 30016 | Elf:3    | Reached skill level 18 in Dodging
 30034 | Elf:3    | Identified the cursed +1 swamp dragon scales of Eternity
                  | {rPois Int+2}
 30065 | Elf:3    | Killed a deep elf blademaster
 30166 | Elf:3    | Noticed a deep elf blademaster
 30168 | Elf:3    | Killed a deep elf blademaster
 30259 | Elf:3    | Identified the Disquisition on Confrontation and Feathers
 30295 | Elf:3    | Got a polished dagger
 30297 | Elf:3    | Identified the +7 dagger "Rirr" {freeze, Str+2 Dex+3
                  | Stlth+} (You found it on level 3 of the Elven Halls)
 30579 | Elf:1    | Killed Qiokh's ghost
 30694 | D:10     | Bought a scroll of teleportation for 81 gold pieces
 30694 | D:10     | Bought a scroll of teleportation for 81 gold pieces
 30879 | Depths:1 | Entered Level 1 of the Depths
 30893 | Depths:1 | Found a gateway to Hell.
 30896 | Depths:1 | Noticed a lich
 31003 | Depths:1 | Found a magical portal.
 31009 | WizLab   | Entered The Hall of the Hellbinder
 31348 | WizLab   | Gained mutation: Scrolls take you a little longer to read.
                  | [a cacodemon]
 31373 | WizLab   | Received a gift from Trog
 31515 | WizLab   | Noticed Deprucem
 31518 | WizLab   | Killed Deprucem the Hellbinder
 31524 | WizLab   | Got a steaming sapphire amulet
 31527 | WizLab   | Identified the amulet "Itwax" {Acrobat rPois MP-9 Dex+6
                  | SInv} (You found it in a wizard's laboratory)
 31592 | WizLab   | Found a burning altar of Makhleb.
 31670 | WizLab   | Identified the Catalogue of the Escort
 32013 | Depths:1 | Noticed a lich
 32028 | Depths:1 | Killed a lich
 32028 | Depths:1 | Reached XP level 20. HP: 134/134 MP: 18/18
 32062 | Depths:1 | Lost mutation: Your flesh is cold resistant. (rC+) [potion
                  | of mutation]
 32062 | Depths:1 | Lost mutation: Scrolls take you a little longer to read.
                  | [potion of mutation]
 32062 | Depths:1 | Gained mutation: You are somewhat resistant to further
                  | mutation. [potion of mutation]
 32409 | Depths:1 | Found a runed translucent door.
 32481 | Depths:1 | Reached skill level 19 in Dodging
 32561 | Depths:1 | Found Ijobroma's Magic Scroll Shoppe.
 32564 | Depths:1 | Found Sogateug's Antique Weapon Shoppe.
 32564 | Depths:1 | Found Custrut's Assorted Antiques.
 32566 | Depths:1 | Bought a scroll of teleportation for 42 gold pieces
 32566 | Depths:1 | Bought a scroll of blinking for 105 gold pieces
 32566 | Depths:1 | Bought a scroll of teleportation for 42 gold pieces
 32567 | Depths:1 | Found Qejau's Book Emporium.
 32581 | Depths:1 | Bought a pair of glimmering boots for 275 gold pieces
 32581 | Depths:1 | Bought a scroll of teleportation for 87 gold pieces
 32581 | Depths:1 | Bought 2 potions of curing for 174 gold pieces
 32584 | Depths:1 | Bought a scroll of identify for 28 gold pieces
 32584 | Depths:1 | Bought a scroll of magic mapping for 49 gold pieces
 32584 | Depths:1 | Bought a scroll of identify for 28 gold pieces
 32584 | Depths:1 | Bought a scroll of identify for 28 gold pieces
 32585 | Depths:1 | Identified the +2 pair of boots "Weukhluess" {rF++ MR+
                  | Int+3} (You bought it in a shop on level 1 of the Depths)
 32695 | Depths:1 | Lost mutation: Your magical capacity is low. (-10% MP)
                  | [potion of mutation]
 32695 | Depths:1 | Lost mutation: You are somewhat resistant to further
                  | mutation. [potion of mutation]
 32695 | Depths:1 | Lost mutation: Your movements are slightly less encumbered
                  | by armour. (ER -2) [potion of mutation]
 32695 | Depths:1 | Lost mutation: You have large cloven feet. [potion of
                  | mutation]
 32695 | Depths:1 | Gained mutation: Scrolls take you a little longer to read.
                  | [potion of mutation]
 32695 | Depths:1 | Gained mutation: You are weak. (Str -2) [potion of
                  | mutation]
 32695 | Depths:1 | Gained mutation: Armour fits poorly on your strangely
                  | shaped body. [potion of mutation]
 32695 | Depths:1 | Gained mutation: Your flesh is heat resistant. (rF+)
                  | [potion of mutation]
 32696 | Depths:1 | Lost mutation: Scrolls take you a little longer to read.
                  | [potion of mutation]
 32696 | Depths:1 | Lost mutation: You are weak. (Str -2) [potion of mutation]
 32696 | Depths:1 | Gained mutation: You expend magic power (3 MP) to
                  | strengthen your wands. [potion of mutation]
 32696 | Depths:1 | Gained mutation: You are surrounded by a mild repulsion
                  | field. (EV +2) [potion of mutation]
 32697 | Depths:1 | Lost mutation: You expend magic power (3 MP) to strengthen
                  | your wands. [potion of mutation]
 32697 | Depths:1 | Lost mutation: Armour fits poorly on your strangely shaped
                  | body. [potion of mutation]
 32697 | Depths:1 | Gained mutation: You are weak. (Str -2) [potion of
                  | mutation]
 32697 | Depths:1 | Gained mutation: You have a pair of small antennae on your
                  | head. [potion of mutation]
 32698 | Depths:1 | Lost mutation: You are weak. (Str -2) [potion of mutation]
 32698 | Depths:1 | Lost mutation: Your flesh is heat resistant. (rF+) [potion
                  | of mutation]
 32698 | Depths:1 | Gained mutation: You are robust. (+10% HP) [potion of
                  | mutation]
 32698 | Depths:1 | Gained mutation: Your mind is acute. (Int +2) [potion of
                  | mutation]
 33301 | Elf:3    | You paid a toll of 13 scrolls of teleportation to enter a
                  | treasure trove
 33302 | Trove    | Entered a treasure trove
 33326 | Trove    | Got a heavily runed silver ring
 33330 | Trove    | Got a wavering crystal amulet
 33351 | Trove    | Got an ebony rapier
 33379 | Elf:3    | Identified the +4 rapier of Crystal {freeze, rN+} (You
                  | found it in a treasure trove)
 33381 | Elf:3    | Identified the ring of Penudghyp {MR+ Dex+6} (You found it
                  | in a treasure trove)
 33382 | Elf:3    | Identified the amulet "Garyjeruu" {Spirit rPois rC- rN+
                  | Slay+2} (You found it in a treasure trove)
 33858 | Depths:2 | Found a gateway to a ziggurat.
 33939 | Depths:2 | Received a gift from Trog
 34373 | Depths:2 | Found a one-way gate to the infinite horrors of the Abyss.
 34480 | Depths:2 | Found a runed translucent door.
 34480 | Depths:2 | Found a runed translucent door.
 34480 | Depths:2 | Noticed a tentacled monstrosity
 34494 | Depths:2 | Killed a tentacled monstrosity
 34625 | Depths:2 | Reached XP level 21. HP: 153/156 MP: 21/21
 34628 | Depths:2 | Reached XP level 22. HP: 160/162 MP: 22/22
 35326 | Depths:3 | Reached skill level 20 in Dodging
 35426 | Depths:3 | Received a gift from Trog
 35745 | Depths:3 | Found a one-way gate leading to the halls of Pandemonium.
 36090 | Depths:3 | Identified the Guide on Dusty Snow
 36587 | Depths:3 | Reached XP level 23. HP: 169/170 MP: 23/23
 36710 | Depths:4 | Found a corrupted altar of Lugonu.
 36775 | Depths:4 | Received a gift from Trog
 37107 | Depths:4 | Reached skill level 21 in Dodging
 37843 | Depths:4 | Received a gift from Trog
 38023 | Depths:4 | Noticed a golden dragon
 38026 | Depths:4 | Killed a golden dragon
 38205 | Depths:4 | Fell from the grace of Trog
 38205 | Depths:4 | Became a worshipper of Lugonu the Unformed
 38205 | Depths:4 | Reached * piety under Lugonu
 38523 | Snake:1  | Entered Level 1 of the Snake Pit
 38541 | Lair:3   | Learned a level 8 spell: Necromutation
 38551 | Lair:3   | Learned a level 9 spell: Death's Door
 38916 | Snake:1  | Reached skill level 1 in Transmutations
 38937 | Snake:1  | Reached skill level 1 in Invocations
 38981 | Snake:1  | Reached skill level 1 in Spellcasting
 38981 | Snake:1  | Reached skill level 1 in Necromancy
 39108 | Snake:1  | Noticed Nikola
 39111 | Snake:1  | Killed Nikola
 39159 | Snake:1  | Reached ** piety under Lugonu
 39390 | Snake:1  | Found Huxtuacu's Jewellery Shop.
 39664 | Snake:2  | Found Mohua's Distillery.
 39670 | Snake:2  | Bought a potion of cancellation for 104 gold pieces
 39670 | Snake:2  | Bought a potion of resistance for 130 gold pieces
 39670 | Snake:2  | Bought a potion of curing for 39 gold pieces
 39670 | Snake:2  | Bought a potion of ambrosia for 104 gold pieces
 39670 | Snake:2  | Bought a potion of heal wounds for 65 gold pieces
 39670 | Snake:2  | Bought a potion of flight for 39 gold pieces
 39670 | Snake:2  | Bought a potion of invisibility for 104 gold pieces
 39670 | Snake:2  | Bought 2 potions of cancellation for 208 gold pieces
 39699 | Snake:2  | Reached XP level 24. HP: 177/179 MP: 26/26
 40426 | Snake:3  | Found a shimmering altar of Xom.
 41062 | Snake:3  | Reached *** piety under Lugonu
 41671 | Snake:4  | Entered Level 4 of the Snake Pit
 42107 | Snake:4  | Reached **** piety under Lugonu
 42117 | Snake:4  | Reached skill level 5 in Invocations
 42390 | Snake:4  | Found Mirhaah's General Store.
 42450 | Snake:4  | Reached skill level 5 in Necromancy
 42457 | Snake:4  | Reached skill level 5 in Transmutations
 42480 | Snake:4  | Bought a wand of digging (6) for 300 gold pieces
 42480 | Snake:4  | Bought 4 atropa-tipped darts for 36 gold pieces
 42480 | Snake:4  | Bought a scroll of identify for 30 gold pieces
 42565 | Snake:4  | Reached skill level 5 in Spellcasting
 43005 | Snake:4  | Reached ***** piety under Lugonu
 43218 | Snake:4  | Got a serpentine rune of Zot
 43731 | Swamp:1  | Entered Level 1 of the Swamp
 44280 | Swamp:1  | Found a runed translucent door.
 44282 | Swamp:1  | Found a shimmering altar of Xom.
 44282 | Swamp:1  | Noticed xzight's ghost (adept MiBe)
 44788 | Swamp:1  | Killed xzight's ghost
 44927 | Swamp:2  | You fall into a shaft and drop 1 floor!
 45110 | Swamp:2  | Reached XP level 25. HP: 141/184 MP: 33/33
 45282 | Swamp:2  | Noticed Frances
 45295 | Swamp:2  | Killed Frances
 45407 | Swamp:2  | Identified Roxanne's Tome of Earth
 45407 | Swamp:2  | Noticed Roxanne
 45521 | Swamp:2  | Killed Roxanne
 46542 | Swamp:3  | Found a sacrificial altar of Ru.
 46644 | Swamp:4  | Entered Level 4 of the Swamp
 47137 | Swamp:4  | Reached ****** piety under Lugonu
 47186 | Swamp:4  | Got a decaying rune of Zot
 48150 | Vaults:1 | Entered Level 1 of the Vaults
 48235 | Vaults:1 | Found a ruined gateway.
 48241 | Desolati | Entered the Desolation of Salt
 48601 | Desolati | Got a clouded platinum ring
 48602 | Desolati | Identified the ring "Otranioph" {Ice rPois MR- Str+3} (You
                  | found it in the Desolation of Salt)
 48625 | Desolati | Identified the cursed +0 robe of the Desert {rC- Slay+3
                  | SInv Stlth+} (You found it in the Desolation of Salt)
 48978 | Desolati | Identified the +2 robe "Refain" {*Slow rC++ Str+2} (You
                  | found it in the Desolation of Salt)
 48987 | Desolati | Identified the Incunabulum of Icy Transmigration
 49089 | Desolati | Found the +3 warlock's mirror {reflect}
 49092 | Desolati | Found the +4 robe of Augmentation {Str+4 Int+4 Dex+4}
 49101 | Desolati | Identified Husy's Incunabulum of Stones and the Blaze
 49103 | Desolati | Identified Utragrud's Handbook of Flames
 50107 | Vaults:1 | Reached skill level 10 in Transmutations
 50119 | Vaults:1 | Reached skill level 10 in Necromancy
 50560 | Vaults:1 | Reached XP level 26. HP: 191/191 MP: 27/36
 51449 | Vaults:2 | Reached skill level 10 in Spellcasting
 51615 | Vaults:2 | Found Toaps's Book Boutique.
 51748 | Vaults:2 | Paralysed by Trog for 6 turns
 53175 | Vaults:2 | Bought a book of Unlife for 845 gold pieces
 53182 | Vaults:2 | Learned a level 5 spell: Borgnjor's Vile Clutch
 53386 | Vaults:3 | Reached skill level 1 in Earth Magic
 53861 | Vaults:3 | Identified the cursed +1 arbalest of the Middle {penet,
                  | *Slow rF- rN+++ MR+++} (You found it on level 3 of the
                  | Vaults)
 54064 | Vaults:3 | Found a staircase to the Crypt.
 54190 | Vaults:3 | Reached XP level 27. HP: 196/196 MP: 29/38
 54689 | Vaults:3 | Reached skill level 5 in Earth Magic
 55243 | D:11     | Paralysed by Trog for 4 turns
 55551 | D:14     | Was forgiven by Trog
 56555 | Vaults:4 | Reached skill level 15 in Necromancy
 57533 | Depths:2 | Voluntarily entered the Abyss.
 58059 | Abyss:1  | Found a radiant altar of Vehumet.
 58360 | Abyss:2  | Identified the +2 leather armour "Targh" {-Tele MR+++ Int+3
                  | Dex+2} (You found it on level 2 of the Abyss)
 59157 | Abyss:2  | Paralysed by accursed screaming for 1 turns
 59295 | Abyss:2  | Found a corrupted altar of Lugonu.
 59743 | Abyss:3  | Found a transporter.
 59876 | Abyss:3  | Found a transporter.
 59882 | Abyss:3  | Got an abyssal rune of Zot
 59905 | Depths:2 | Escaped the Abyss
 59980 | Depths:1 | Bought a scroll of enchant armour for 105 gold pieces
 59980 | Depths:1 | Bought a scroll of enchant weapon for 105 gold pieces
 59980 | Depths:1 | Bought a scroll of summoning for 133 gold pieces
 60301 | Orc:2    | Bought 2 potions of might for 112 gold pieces
 60301 | Orc:2    | Bought a potion of curing for 42 gold pieces
 60312 | Orc:2    | Learned a level 8 spell: Infestation
 60455 | Elf:3    | Bought a potion of might for 48 gold pieces
 60455 | Elf:3    | Bought a potion of might for 48 gold pieces
 60870 | Depths:1 | Bought a potion of haste for 290 gold pieces
 60870 | Depths:1 | Bought a potion of brilliance for 116 gold pieces
 60870 | Depths:1 | Bought a potion of brilliance for 116 gold pieces
 61017 | Depths:5 | Entered Level 5 of the Depths
 61317 | Depths:5 | Identified the +1 plate armour of Defence {rElec rN++ rCorr
                  | Str-5} (You found it on level 5 of the Depths)
 61597 | Depths:5 | Found Plog's Assorted Antiques.
 61816 | Depths:5 | Found Jucitig's Magic Scroll Emporium.
 61836 | Depths:5 | Bought a scroll of acquirement for 676 gold pieces
 61836 | Depths:5 | Acquired the ring of the King {rN++ Dex-2 Slay+6 SInv}
 62035 | Depths:5 | Got a transparent bronze ring
 62036 | Depths:5 | Identified the ring of Paneumerch {rElec MR+} (You found it
                  | on level 5 of the Depths)
 62046 | Depths:5 | Noticed a juggernaut
 62091 | Depths:5 | Killed a juggernaut
 62126 | Depths:5 | Noticed a juggernaut
 62132 | Depths:5 | Killed a juggernaut
 62222 | Depths:5 | Got an ancient silver ring
 62223 | Depths:5 | Identified the ring "Lirewix" {+Fly rC++ MP+9 Int-5 SInv}
                  | (You found it on level 5 of the Depths)
 62290 | Depths:5 | Got a pitted ivory ring
 62291 | Depths:5 | Identified the ring of Titiz {MP+9 Stlth-} (You found it on
                  | level 5 of the Depths)
 62300 | Depths:5 | Found a gate to the Realm of Zot.
 62327 | Depths:5 | Noticed a juggernaut
 62352 | Depths:5 | Killed a juggernaut
 62411 | Depths:5 | Found a transporter.
 62527 | Depths:5 | Found a transporter.
 62573 | Hell     | Entered the Vestibule of Hell
 62573 | Hell     | Noticed Geryon
 62612 | Hell     | Killed Geryon
 62943 | Hell     | Found a gateway to the decaying netherworld of Tartarus.
 62981 | Hell     | Found a gateway to the ashen valley of Gehenna.
 63186 | Hell     | Found a gateway to the Iron City of Dis.
 63292 | Hell     | Found a gateway to the freezing wastes of Cocytus.
 63821 | Crypt:1  | Entered Level 1 of the Crypt
 64048 | Crypt:1  | Found the +10 dark maul {vorpal}
 64619 | Crypt:2  | Noticed Jory
 64628 | Crypt:2  | Killed Jory
 65396 | Crypt:2  | Noticed Frederick
 65402 | Crypt:2  | Noticed Boris
 65425 | Crypt:2  | Killed Boris
 65434 | Crypt:2  | Killed Frederick
 65588 | Crypt:3  | Entered Level 3 of the Crypt
 65780 | Crypt:3  | Found a staircase to the Tomb.
 65882 | Crypt:3  | Found a basalt altar of Yredelemnul.
 66022 | Crypt:3  | Found an ancient bone altar of Kikubaaqudgha.
 66142 | Crypt:3  | Noticed a greater mummy
 66170 | Crypt:3  | Killed a greater mummy
 66520 | Crypt:3  | Identified the Handbook of Stolen Souls
 66537 | Crypt:3  | Identified the +10 hand crossbow of Supowu {penet, rElec
                  | MR++ Dex+3} (You found it on level 3 of the Crypt)
 66539 | Crypt:3  | Identified the +0 scale mail of Zenount {Str+5 Dex+3} (You
                  | found it on level 3 of the Crypt)
 67341 | Crypt:3  | Got a crude lead ring
 67341 | Crypt:3  | Got a pitted gossamer ring
 67345 | Crypt:3  | Identified the ring of Asceticism {rN+ MR- Int+4 Stlth+}
                  | (You found it on level 3 of the Crypt)
 67346 | Crypt:3  | Identified the ring of Mifuabie {*Corrode +Blink rN+ Slay+5
                  | Stlth-} (You found it on level 3 of the Crypt)
 67792 | Vaults:5 | Entered Level 5 of the Vaults
 67816 | Vaults:5 | Reached skill level 15 in Spellcasting
 67851 | Vaults:5 | Noticed an ancient lich
 67866 | Vaults:5 | Killed an ancient lich
 68093 | Vaults:5 | Got a silver rune of Zot
 68098 | Vaults:5 | Identified the +11 rapier of Tenacity {freeze, Stlth+} (You
                  | found it on level 5 of the Vaults)
 68299 | Vaults:5 | Identified the cursed +0 demon blade of Causality {drain,
                  | rF+ rN+ Str+5} (You found it on level 5 of the Vaults)
 68725 | Vaults:5 | Got a sparkling silver ring
 68726 | Vaults:5 | Identified the ring of Jip Wyab {Ice Str+3} (You found it
                  | on level 5 of the Vaults)
 68742 | Vaults:5 | Got a serpentine golden amulet
 68743 | Vaults:5 | Identified the amulet "Coceish" {Spirit rN+++ Str-2 Int-5
                  | Dex+3} (You found it on level 5 of the Vaults)
 68763 | Vaults:5 | Noticed an ancient lich
 68767 | Vaults:5 | Killed an ancient lich
 68831 | Vaults:5 | Identified the +1 chain mail of Minor Irritation {-Tele
                  | +Fly rElec rCorr} (You found it on level 5 of the Vaults)
 69834 | Depths:5 | Bought a scroll of acquirement for 676 gold pieces
 69834 | Depths:5 | Bought a scroll of enchant weapon for 97 gold pieces
 69834 | Depths:5 | Bought a scroll of blinking for 97 gold pieces
 69835 | Depths:5 | Acquired 638 gold pieces
 70142 | D:12     | Learned a level 8 spell: Ignition
 72326 | Zig:1    | Entered Level 1 of a ziggurat
 72330 | Zig:1    | Noticed Xuavvaq the pandemonium lord
 72334 | Zig:1    | Killed Xuavvaq the pandemonium lord
 72334 | Zig:1    | Reached skill level 1 in Fire Magic
 72373 | Zig:2    | Entered Level 2 of a ziggurat
 72435 | Zig:3    | Entered Level 3 of a ziggurat
 72611 | Zig:4    | Entered Level 4 of a ziggurat
 72617 | Zig:4    | Found the +1 cloak of Starlight {rElec rC+ EV+4 Stlth--}
 72618 | Zig:4    | Found the +5 robe of Misfortune {*Contam Harm *Corrode
                  | *Drain *Slow EV+5}
 72629 | Zig:4    | Identified the cursed +0 robe of Inkel {rPois rF++ Str+3
                  | Slay-2} (You found it on level 4 of a ziggurat)
 72632 | Zig:4    | Identified the +1 robe "Acwidghacs" {Rampage +Blink Dex-3}
                  | (You found it on level 4 of a ziggurat)
 72663 | Zig:5    | Entered Level 5 of a ziggurat
 72930 | Zig:6    | Entered Level 6 of a ziggurat
 72939 | Zig:6    | Noticed a greater mummy
 72965 | Zig:6    | Killed a greater mummy
 73102 | Zig:6    | Got a pitted dagger
 73104 | Zig:6    | Identified the cursed +3 dagger of Meyton {venom, rN+
                  | Str+2} (You found it on level 6 of a ziggurat)
 73236 | Zig:7    | Entered Level 7 of a ziggurat
 73268 | Zig:7    | Reached skill level 5 in Fire Magic
 73653 | Zig:8    | Entered Level 8 of a ziggurat
 73748 | Zig:9    | Entered Level 9 of a ziggurat
 74065 | Zig:9    | Identified the +9 falchion of the Demagogue {vorpal, rF+}
                  | (You found it on level 9 of a ziggurat)
 74090 | Zig:9    | Identified the ring "Ogesmo" {*Drain +Inv rPois rF+ Dex+8}
                  | (You found it on level 9 of a ziggurat)
 74100 | Zig:10   | Entered Level 10 of a ziggurat
 74112 | Zig:10   | Noticed a shard shrike
 74125 | Zig:10   | Killed a shard shrike
 74216 | Zig:10   | Got a bone dagger
 74218 | Zig:10   | Identified the +5 dagger of Tumult {flame, rC+ MR+} (You
                  | found it on level 10 of a ziggurat)
 74405 | Zig:11   | Entered Level 11 of a ziggurat
 74681 | Zig:11   | Identified the +5 ring mail "Sughiegg" {*Corrode rElec rF+
                  | Str+3 Dex-4} (You found it on level 11 of a ziggurat)
 74787 | Zig:12   | Entered Level 12 of a ziggurat
 74827 | Zig:12   | Reached skill level 10 in Fire Magic
 75023 | Zig:12   | Identified the +8 spear of Fosti {protect, +Fly rF+ Int+4
                  | Dex-3} (You found it on level 12 of a ziggurat)
 75069 | Zig:13   | Entered Level 13 of a ziggurat
 75079 | Zig:13   | Noticed a juggernaut
 75079 | Zig:13   | Noticed a juggernaut
 75081 | Zig:13   | Noticed a juggernaut
 75082 | Zig:13   | Noticed a juggernaut
 75103 | Zig:13   | Noticed a juggernaut
 75112 | Zig:13   | HP: 7/196 [juggernaut (32)]
 75121 | Zig:13   | Killed a juggernaut
 75127 | Zig:13   | Killed a juggernaut
 75132 | Zig:13   | Killed a juggernaut
 75139 | Zig:13   | Killed a juggernaut
 75190 | Abyss:1  | Found an opulent altar of Gozag.
 76026 | Abyss:1  | Noticed an ancient lich
 76057 | Abyss:1  | Killed an ancient lich
 76187 | Abyss:1  | Identified the +8 chain mail of Biwiah Bimu {+Inv} (You
                  | found it on level 1 of the Abyss)
 77664 | Abyss:3  | Reached skill level 15 in Fire Magic
 77888 | Abyss:3  | Found a shimmering blue altar of Sif Muna.
 77915 | Abyss:3  | Acquired 998 gold pieces
 77939 | Abyss:3  | Identified the amulet "Jiofaata" {RegenMP Int+4} (You found
                  | it on level 3 of the Abyss)
 77972 | Abyss:3  | Found a shimmering blue altar of Sif Muna.
 78032 | Abyss:4  | Found a corrupted altar of Lugonu.
 78120 | Abyss:5  | Entered Level 5 of the Abyss
 78120 | Abyss:5  | Found a shimmering altar of Xom.
 78392 | Zig:13   | Escaped the Abyss
 78398 | Zig:13   | Killed a juggernaut
 78414 | Zig:13   | Found the +27 Lear's hauberk
 78455 | Zig:13   | Identified the +1 robe of the Apprentice {rElec} (You found
                  | it on level 13 of a ziggurat)
 78462 | Zig:13   | Identified the ring of Luoghoyk {*Drain +Inv rC+ Int-3
                  | Dex+5} (You found it on level 13 of a ziggurat)
 78479 | Zig:13   | Identified the +2 flail of Bodily Humours {vamp, rPois
                  | Dex+3} (You found it on level 13 of a ziggurat)
 78483 | Zig:14   | Entered Level 14 of a ziggurat
 78626 | Zig:14   | Identified the Volume of Enchantment and Flames
 78642 | Zig:14   | Identified the ring "Tyivomeo" {rN+ SInv} (You found it on
                  | level 14 of a ziggurat)
 78844 | Zig:15   | Entered Level 15 of a ziggurat
 78908 | Zig:15   | Identified the amulet of Liwal {Inacc *Drain rElec MR-
                  | Int+9} (You found it on level 15 of a ziggurat)
 78921 | Zig:16   | Entered Level 16 of a ziggurat
 78936 | Zig:16   | Noticed Nizuinal the pandemonium lord
 78938 | Zig:16   | Reached skill level 22 in Dodging
 79152 | Abyss:1  | Noticed an ancient lich
 79346 | Abyss:1  | Noticed an ancient lich
 79350 | Abyss:1  | Killed an ancient lich
 79350 | Abyss:1  | Killed an ancient lich
 79385 | Zig:16   | Escaped the Abyss
 79389 | Zig:16   | Killed Nizuinal the pandemonium lord
 79496 | Zig:16   | Found the +8 Wrath of Trog {antimagic, *Rage}
 79516 | Zig:16   | Identified the +8 arbalest "Elaa" {flame, rF+ MR+++ Int-4
                  | Dex+4} (You found it on level 16 of a ziggurat)
 79519 | Zig:16   | Identified the amulet of Xom's Flight of Fancy {Fragile
                  | rF+++ rC++ Regen+} (You found it on level 16 of a ziggurat)
 79528 | Zig:16   | Identified the +6 short sword "Tingatzonk" {protect, rF+}
                  | (You found it on level 16 of a ziggurat)
 79709 | Geh:1    | Entered Level 1 of Gehenna
 80784 | Geh:7    | Entered Level 7 of Gehenna
 81191 | Geh:7    | Identified the +7 sceptre of Asmodeus
 81191 | Geh:7    | Noticed Asmodeus
 81675 | Geh:7    | Killed Asmodeus
 81690 | Geh:7    | Got an obsidian rune of Zot
 81863 | Abyss:1  | Reached skill level 10 in Invocations
 82356 | Geh:7    | Escaped the Abyss
 82434 | Geh:7    | Identified the +8 morningstar of Exhibitionism {vorpal,
                  | Dex+2}
 82983 | Slime:1  | Entered Level 1 of the Pits of Slime
 83297 | Slime:2  | Noticed Dissolution
 83306 | Slime:2  | Reached skill level 23 in Dodging
 83310 | Slime:2  | Killed Dissolution
 83490 | Slime:5  | Entered Level 5 of the Pits of Slime
 83499 | Slime:5  | Reached skill level 10 in Crossbows
 83547 | Slime:5  | Found a viscous altar of Jiyva.
 83548 | Slime:5  | Noticed the Royal Jelly
 83551 | Slime:5  | Found the +9 scales of the Dragon King {rPois rF+ rC+ MR+}
 83554 | Slime:5  | Paralysed by a floating eye for 3 turns
 83559 | Slime:5  | Killed the Royal Jelly
 83683 | Slime:5  | Identified the +3 chain mail "Zuoluil" {*Slow rPois rC+
                  | rCorr} (You found it on level 5 of the Pits of Slime)
 83731 | Slime:5  | Identified the +6 mace of the Thieving Bear {holy, rElec
                  | rC+ rN++ Dex-5} (You found it on level 5 of the Pits of
                  | Slime)
 83733 | Slime:5  | Got a slimy rune of Zot
 83761 | Slime:5  | Identified Kuczyi's Incunabulum of Air and Summoning
 83802 | Slime:5  | Got a fine hand crossbow
 83803 | Slime:5  | Identified the +9 hand crossbow "Plog" {flame, Fragile +Inv
                  | rC++ Str+2} (You found it on level 5 of the Pits of Slime)
 84434 | Tomb:1   | Entered Level 1 of the Tomb of the Ancients
 84606 | Tomb:1   | Noticed a greater mummy
 84608 | Tomb:1   | Noticed a greater mummy
 84617 | Tomb:1   | Killed a greater mummy
 84618 | Tomb:1   | Noticed a greater mummy
 84621 | Tomb:1   | Killed a greater mummy
 84624 | Tomb:1   | Killed a greater mummy
 85317 | Tomb:1   | Reached skill level 24 in Dodging
 85541 | Tomb:2   | Noticed a greater mummy
 85562 | Tomb:2   | Killed a greater mummy
 85588 | Tomb:2   | Noticed an ancient lich
 85589 | Tomb:2   | Noticed a greater mummy
 85599 | Tomb:2   | Killed a greater mummy
 85603 | Tomb:2   | Killed an ancient lich
 85606 | Tomb:2   | Noticed a greater mummy
 85618 | Tomb:2   | Killed a greater mummy
 86088 | Tomb:1   | Noticed a greater mummy
 86088 | Tomb:1   | Noticed a greater mummy
 86090 | Tomb:1   | Noticed a greater mummy
 86093 | Tomb:1   | Killed a greater mummy
 86096 | Tomb:1   | Killed a greater mummy
 86098 | Tomb:1   | Killed a greater mummy
 86107 | Tomb:1   | Noticed a greater mummy
 86114 | Tomb:1   | Killed a greater mummy
 86132 | Tomb:1   | Noticed a greater mummy
 86133 | Tomb:1   | Noticed a greater mummy
 86142 | Tomb:1   | Noticed a greater mummy
 86144 | Tomb:1   | Killed a greater mummy
 86155 | Tomb:1   | Killed a greater mummy
 86165 | Tomb:1   | Killed a greater mummy
 86168 | Tomb:1   | Noticed a greater mummy
 86185 | Tomb:1   | Killed a greater mummy
 86345 | Tomb:1   | Noticed a greater mummy
 86354 | Tomb:1   | Killed a greater mummy
 86574 | Tomb:1   | Noticed a greater mummy
 86582 | Tomb:1   | Killed a greater mummy
 86585 | Tomb:1   | Noticed a greater mummy
 86595 | Tomb:1   | Killed a greater mummy
 86611 | Tomb:1   | Noticed a greater mummy
 86615 | Tomb:1   | Noticed a greater mummy
 86620 | Tomb:1   | Noticed a greater mummy
 86626 | Tomb:1   | Killed a greater mummy
 86626 | Tomb:1   | Killed a greater mummy
 86629 | Tomb:1   | Killed a greater mummy
 86655 | Tomb:1   | Noticed a greater mummy
 86673 | Tomb:1   | Killed a greater mummy
 86673 | Tomb:1   | Reached skill level 25 in Dodging
 86674 | Tomb:1   | Noticed a greater mummy
 86681 | Tomb:1   | Killed a greater mummy
 86686 | Tomb:1   | Noticed a greater mummy
 86702 | Tomb:1   | Killed a greater mummy
 86714 | Tomb:1   | Noticed a greater mummy
 86715 | Tomb:1   | Noticed a greater mummy
 86723 | Tomb:1   | Killed a greater mummy
 86731 | Tomb:1   | Killed a greater mummy
 87036 | Tomb:3   | Entered Level 3 of the Tomb of the Ancients
 87046 | Tomb:3   | Noticed an ancient lich
 87068 | Tomb:3   | Killed an ancient lich
 87084 | Tomb:3   | Noticed a greater mummy
 87108 | Tomb:3   | Noticed a greater mummy
 87117 | Tomb:3   | Got a golden rune of Zot
 87141 | Tomb:3   | Noticed a greater mummy
 87141 | Tomb:3   | Noticed a greater mummy
 87142 | Tomb:3   | Noticed a greater mummy
 87556 | Tomb:3   | Killed a greater mummy
 87594 | Tomb:3   | Noticed a greater mummy
 87603 | Tomb:3   | Killed a greater mummy
 87612 | Tomb:3   | Killed a greater mummy
 87623 | Tomb:3   | Noticed a greater mummy
 88054 | Tomb:3   | Noticed a greater mummy
 88067 | Tomb:3   | Killed a greater mummy
 88068 | Tomb:3   | Killed a greater mummy
 88068 | Tomb:3   | Killed a greater mummy
 88504 | Tomb:3   | Killed a greater mummy
 88522 | Tomb:3   | Killed a greater mummy
 88596 | Tomb:3   | Identified the Handbook of Congealing Moulding
 88654 | Tomb:3   | Identified the Grimoire of Captivating Stolen Souls
 88676 | Tomb:3   | Identified the cursed +2 arbalest of the Open Hand {elec,
                  | rPois rF+ Dex+2} (You found it on level 3 of the Tomb of
                  | the Ancients)
 89290 | Coc:1    | Entered Level 1 of Cocytus
 89342 | Coc:1    | You fall into a shaft and drop 1 floor!
 89413 | Coc:2    | Noticed a shard shrike
 89419 | Coc:2    | Killed a shard shrike
 89426 | Coc:2    | Reached skill level 26 in Dodging
 89748 | Coc:3    | Noticed a shard shrike
 89749 | Coc:3    | Noticed a shard shrike
 89753 | Coc:3    | Killed a shard shrike
 89756 | Coc:3    | Killed a shard shrike
 90075 | Coc:5    | You are sucked into a shaft and drop 1 floor!
 90141 | Coc:7    | Entered Level 7 of Cocytus
 90294 | Coc:7    | Noticed the Serpent of Hell
 90716 | Coc:7    | Identified the ring of Emydghya {*Tele rN+}
 90716 | Coc:7    | Noticed Antaeus
 90950 | Abyss:1  | Learned a level 1 spell: Apportation
 91528 | Coc:7    | Escaped the Abyss
 91609 | Coc:7    | Noticed a shard shrike
 91625 | Coc:7    | Killed a shard shrike
 92029 | Coc:7    | Killed Antaeus
 92036 | Coc:7    | Got an icy rune of Zot
 92095 | Coc:7    | Noticed a shard shrike
 92102 | Coc:7    | Killed a shard shrike
 92643 | Elf:3    | Bought a potion of curing for 36 gold pieces
 92643 | Elf:3    | Bought a potion of curing for 36 gold pieces
 92786 | Orc:2    | Bought a potion of curing for 42 gold pieces
 92786 | Orc:2    | Bought a potion of curing for 42 gold pieces
 92786 | Orc:2    | Bought a potion of curing for 42 gold pieces
 92788 | Orc:2    | Bought a wand of iceblast (9) for 182 gold pieces
 92788 | Orc:2    | Bought a wand of acid (4) for 224 gold pieces
 92788 | Orc:2    | Bought a wand of paralysis (7) for 126 gold pieces
 92994 | D:14     | Bought a wand of acid (12) for 248 gold pieces
 93106 | Tar:1    | Entered Level 1 of Tartarus
 93215 | Tar:1    | Reached skill level 15 in Evocations
 94288 | Tar:5    | Reached skill level 27 in Dodging
 94312 | Tar:7    | Entered Level 7 of Tartarus
 94476 | Tar:7    | Noticed Ereshkigal
 94493 | Tar:7    | Killed Ereshkigal
 94520 | Tar:7    | Got a bone rune of Zot
 94715 | Tar:7    | Identified the +6 dagger of Wu Jian's Reproof {venom,
                  | *Noise Str+5} (You found it on level 7 of Tartarus)
 94770 | Tar:7    | Identified the ring of Yret {rN+ Dex+4 Stlth+} (You found
                  | it on level 7 of Tartarus)
 94772 | Tar:7    | Identified the amulet "Jiero" {Faith rF+ Int+2 Dex+3} (You
                  | found it on level 7 of Tartarus)
 95168 | Dis:1    | Entered Level 1 of the Iron City of Dis
 95614 | Dis:4    | Learned a level 8 spell: Borgnjor's Revivification
 96129 | Dis:7    | Entered Level 7 of the Iron City of Dis
 96263 | Dis:7    | Killed from afar by an iron giant

Illustrated notes

Levels and vault maps discovered:
D:1:      arrival_zaba_pyramid, layout_loops_ring, serial_rivers,
          chequers_serial_rivers_small_3, chequers_serial_rivers_micro_e,
          chequers_serial_rivers_micro_b, chequers_serial_rivers_room_b,
          chequers_serial_rivers_small_a, chequers_serial_rivers_micro_e,
          minmay_misc_feat_enclosed
D:2:      layout_loops_ring, minmay_ruptured, uniq_jessica, uniq_natasha
D:3:      layout_loops_corners, nicolae_overflow_hidden_temple,
          lightli_temple_of_fire, uniq_ijyb
D:4:      layout_gridville, good_gods_temple_1, minmay_temple_entry_mist,
          yredelemnul_altar_generic, uniq_menkaure, uniq_eustachio, uniq_pikel
D:5:      layout_basic, gammafunk_ghost_necromancy, uniq_blork_the_orc
D:6:      layout_basic, kennysheep_mini, marbit_many_paths,
          lemuel_coloured_pillars_altar
D:7:      layout_rooms, nicolae_overflow_crystal_walls, xom_butterflies,
          uniq_duvessa, uniq_maggie
D:8:      gammafunk_sealed_arena, layout_gridville,
          nicolae_dithmenos_the_darkroom, ebering_ghost_gozag,
          hangedman_misty_isle
D:9:      layout_gridville, lemuel_doored_altar, kennysheep_mini_moat
D:10:     layout_cave_pods, erik_orc_2, serial_shops, shop
D:11:     statuecave_lemuel, layout_stronghold, minmay_lair_entry_grove,
          serial_shops, shop
D:12:     layout_stronghold, gauntlet_entry_generic, serial_park_tiny_pond,
          hangedman_tree_tricks, uniq_snorg, uniq_azrael, uniq_fannar,
          uniq_nessos, uniq_maurice
D:13:     minmay_s_stair_smasher, layout_basic, uniq_sonja, uniq_erolcha,
          uniq_kirke
D:14:     layout_basic, david_vaults_2, minmay_misc_feat_columns, serial_shops,
          nicolae_shop_overgrown_old_shop, grunt_ministairs_9
D:15:     grunt_enter_depths_snipers, layout_layer_cave, corexii_corridor_pit,
          uniq_josephine
Temple:   dpeg_three_leaves_temple
Lair:1:   layout_chaotic_city, minivault_24, uniq_erica
Lair:2:   layout_chaotic_city, beast_lair_carwin_5, grunt_megastairs_2
Lair:3:   beast_lair_carwin_large_3, layout_big_grid, minmay_swamp_entry_worms,
          dummy_snake_entry, minivault_11, infiniplex_staircase_pool_2,
          minmay_lair_oklob_chamber
Lair:4:   layout_loops_ring
Lair:5:   gammafunk_cloud_chamber, layout_cave_pods, slime_altar_1,
          gammafunk_ghost_cemetery, st_stairs_5
Lair:6:   cheibrodos_lair_end_hotspot, layout_regular_city, basic_altar,
          serial_bayou_shore_a
Swamp:1:  layout_basic_swamp, ebering_ghost_xom, nicolae_swamp_round_clearing,
          swamp_pool1
Swamp:2:  layout_falls_marsh, evilmike_swamp_ruin_house_4, uniq_frances,
          uniq_roxanne
Swamp:3:  layout_basic_swamp, basic_altar
Swamp:4:  swamp_fiery, layout_basic_swamp
Snake:1:  layout_cave_pods, minmay_shop_enchanted_jewellery, uniq_nikola
Snake:2:  layout_cave_shapes, serial_shops, shop, st_stairs_3,
          grunt_ministairs_11
Snake:3:  layout_cave_shapes, basic_altar
Snake:4:  snake_pit_salamanders_mu, layout_basic, serial_shops, shop,
          st_stairs_12, grunt_ministairs_6, drop_trap, minmay_snake_pond
Slime:1:  layout_caves
Slime:2:  layout_caves, uniq_dissolution
Slime:3:  layout_caves
Slime:4:  layout_caves, cheibrodos_slime_lost_civilization_5
Slime:5
Orc:1:    layout_caves, serial_shops, shop
Orc:2:    st_orc_ogre_mass, layout_caves, ebering_ghost_reflecting_pool
Elf:1:    minmay_elf_arrival_circle, layout_loops_corners,
          gammafunk_ghost_split, uniq_jorgrun, uniq_louise
Elf:2:    layout_rooms
Elf:3:    minmay_elf_hall, layout_gridlike, serial_corexii_hall,
          chequers_hall_statues_wall_a, corexii_hall_statues_s, serial_shops,
          nicolae_shop_crystal, enter_trove_3
Vaults:1: ontoclasm_vaults_fire_temple, v_rooms_1, serial_ice_m,
          ontoclasm_vaults_tryst, vaults_dpeg_encased_lava, v_alt_pattern_1,
          ontoclasm_vaults_decontamination, layout_vaults_maze_snakey,
          portal_desolation_entry_ruin
Vaults:2: v_alt_pattern_2, hangedman_vaults_trim, hangedman_vaults_stream,
          nicolae_vaults_inception_scallops, nicolae_vaults_shelves_hall,
          dpeg_vaults_pockets_of_resistance, hangedman_vaults_pinch,
          nicolae_vaults_alarming, v_rooms_6, ontoclasm_vaults_pinch,
          nicolae_vaults_rhombus_7, serial_ice_m, nicolae_vaults_circle_grid_a,
          ontoclasm_vaults_misaligned, ontoclasm_vaults_gateway,
          grunt_vaults_diagonal, nicolae_vaults_specimen_jars,
          layout_vaults_omnibox, serial_shops, shop
Vaults:3: grunt_vaults_hallway_short, ontoclasm_vaults_chip,
          nicolae_vaults_triangles, nicolae_vaults_arrows, grunt_vaults_twisty,
          v_alt_pattern_5, minmay_crypt_entry_simple_statues,
          ontoclasm_vaults_fault, nicolae_vaults_yaktaur_gun_rack,
          layout_vaults_omnigrid
Vaults:4: vaults_room_door_hall, nicolae_vaults_bisected_inception, v_misc_12,
          v_misc_5, vaults_mumra_minichess_inversion, v_alt_pattern_2,
          hangedman_vaults_stitches, nicolae_vaults_diagonal_hallway_8,
          vaults_dpeg_diagonal, vaults_room_hallway, vaults_room_hallway,
          layout_vaults_big_cross
Vaults:5
Crypt:1:  layout_misc_corridors
Crypt:2:  hangedman_screamer, layout_gridlike, uniq_frederick, uniq_jory,
          uniq_boris
Crypt:3:  church_of_pain_bobbens, layout_chaotic_city, basic_altar,
          serial_sigils_hangedman_clutch
Tomb:1
Tomb:2
Tomb:3
Depths:1: layout_cave_pools, nicolae_water_bricks, pf_coc_iceberg,
          mu_enter_wizlab_3, hangedman_decor_peaks_small,
          lightli_giant_bouncers, minmay_shoptagon
Depths:2: minmay_the_grid_four_pointed_star_mashed
          [minmay_the_grid_triangle_9x9_pentomino_pain,
          minmay_the_grid_triangle_9x9_tough_junction,
          minmay_the_grid_triangle_9x9_checkered,
          minmay_the_grid_triangle_9x9_flanged_cone,
          minmay_the_grid_prize_inner_circle], layout_basic, enter_ziggurat_b,
          hangedman_abyss_entry_splay, hellmouth_1,
          chequers_serial_rivers_marsh, minmay_staircase_bubble
Depths:3: minmay_sliced_demisemicircle, layout_cave_pools, pan_entry,
          kennysheep_doodads, pf_vacation_house_of_asmodeus,
          abyss_entry_small_statue_room, item_on_display_a
Depths:4: minmay_blocking_statues, layout_basic, abyss_entry_flame_altar,
          grunt_hell_entry_dis_mu, roderic_lattice_a
Depths:5: hangedman_spin_cycle, hell_entry
Hell
Dis:1:    layout_chaotic_city
Dis:2:    layout_gridville
Dis:3:    layout_subdivisions
Dis:4:    layout_subdivisions
Dis:5:    layout_chaotic_city
Dis:6:    layout_jigsaw
Dis:7:    iron_city_of_dis [dis_mu, dis_wall_8], layout_chaotic_city
Geh:1:    layout_gehenna_lava_caves
Geh:2:    layout_gehenna_pools_box, hangedman_hellfire_club
Geh:3:    layout_gehenna_lava_caves
Geh:4:    layout_gehenna_pools_triple, lemuel_elevator
Geh:5:    layout_gehenna_pools_basic, nicolae_geh_single_fiery_grave
Geh:6:    layout_gehenna_pools_box
Geh:7:    geh_hangedman
Coc:1:    layout_ice_bergs
Coc:2:    layout_cocytus_water_paths
Coc:3:    layout_cocytus_water_paths
Coc:4:    layout_ice_bergs
Coc:5:    grunt_deathspiral_small, layout_cocytus_water_paths
Coc:6:    layout_ice_bergs
Coc:7:    coc_grunt_cove [coc_grunt_cove_antaeus, coc_grunt_cove_fiend,
          coc_grunt_cove_fiend, coc_grunt_cove_fiend, coc_grunt_cove_fiend]
Tar:1:    layout_cathedral_of_symmetry, nicolae_tar_cuneiform_city
Tar:2:    layout_grid_maze, nicolae_tar_cuneiform_water
Tar:3:    layout_grid_maze
Tar:4:    layout_cathedral_of_symmetry
Tar:5:    layout_grid_maze
Tar:6:    layout_honeycomb, nicolae_tar_cuneiform_bird
Tar:7:    tar_old

Skill      XL: |  1  2  3  4  5  6  7  8  9 10 11 12 13 14 15 16 17 18 19 20 21 22 23 24 25 26 27 |
---------------+----------------------------------------------------------------------------------+-----
Short Blades   | 5 6 7 8 9 12 13 14 | 14.0
Stealth        | 1 5 8 10 12 14 15 16 17 18 20 21 22 23 24 | 24.5
Fighting       | 5 7 9 10 11 12 13 14 15 16 17 18 19 20 25 | 25.2
Dodging        | 5 7 9 10 12 13 14 15 16 17 18 19 20 21 27 | 27.0
Evocations     | 4 6 9 10 12 13 14 16 | 16.0
Throwing       | 2 5 6 9 |  9.1
Armour         | 2 4 5 7 |  7.0
Shields        | 4 5 6 7 |  7.0
Crossbows      | 6 10 | 10.5
Transmutations | 2 6 10 14 | 14.0
Invocations    | 2 7 8 14 | 14.0
Spellcasting   | 2 6 9 11 20 | 20.3
Necromancy     | 2 6 10 13 24 | 24.0
Earth Magic    | 4 6 |  6.0
Fire Magic     | 19 | 19.0

Action                   |  1- 3 |  4- 6 |  7- 9 | 10-12 | 13-15 | 16-18 | 19-21 | 22-24 | 25-27 || total
-------------------------+-------+-------+-------+-------+-------+-------+-------+-------+-------++-------
Melee: Short sword       |    75 |   165 |   227 |   939 |   281 |       |       |       |       ||  1687
       Unarmed           |       |       |    12 |       |       |       |       |       |       ||    12
       Quick blade       |       |       |       |       |   741 |  1392 |   890 |  2188 |  8156 || 13367
       Kick              |       |       |       |       |   108 |       |       |       |       ||   108
       Dagger            |       |       |       |       |       |       |       |       |   619 ||   619
 Fire: Hand crossbow     |       |       |       |       |       |       |       |       |     9 ||     9
Throw: Dart              |       |       |       |     1 |     6 |       |       |       |     6 ||    13
       Throwing net      |       |       |       |       |       |       |       |       |    30 ||    30
 Cast: Borgnjor's Vile C |       |       |       |       |       |       |       |       |    71 ||    71
       Infestation       |       |       |       |       |       |       |       |       |   181 ||   181
       Ignition          |       |       |       |       |       |       |       |       |    78 ||    78
       Necromutation     |       |       |       |       |       |       |       |       |    61 ||    61
       Death's Door      |       |       |       |       |       |       |       |       |     5 ||     5
       Apportation       |       |       |       |       |       |       |       |       |     4 ||     4
Invok: Berserk           |       |     6 |     8 |    17 |    16 |    18 |    10 |    10 |       ||    85
       Brothers in Arms  |       |       |       |       |     1 |     7 |       |       |       ||     8
       Trog's Hand       |       |       |       |       |     1 |     2 |     1 |       |       ||     4
       Enter the Abyss   |       |       |       |       |       |       |       |       |     4 ||     4
       Depart the Abyss  |       |       |       |       |       |       |       |       |     1 ||     1
       Bend Space        |       |       |       |       |       |       |       |       |     1 ||     1
 Abil: End Transformatio |       |       |       |       |       |       |       |       |    14 ||    14
Evoke: Wand              |       |       |       |    13 |     6 |    27 |    16 |     5 |   110 ||   177
       Condenser vane    |       |       |       |       |     1 |     2 |       |     1 |    12 ||    16
       Phial of floods   |       |       |       |       |     1 |     1 |       |       |     1 ||     3
       Box of beasts     |       |       |       |       |       |       |     3 |     5 |    38 ||    46
       Phantom mirror    |       |       |       |       |       |       |       |       |     2 ||     2
  Use: Scroll            |       |     2 |     6 |     8 |     8 |    18 |    10 |     4 |    83 ||   139
       Potion            |       |       |     1 |       |     3 |     4 |     8 |     4 |    76 ||    96
 Stab: Sleeping          |     8 |     4 |    11 |    72 |   110 |    97 |    46 |   127 |   352 ||   827
       Distracted        |       |       |       |     1 |     2 |     7 |     8 |    13 |   148 ||   179
       Paralysed         |       |       |       |     1 |       |     1 |       |       |     3 ||     5
       Held in net/web   |       |       |       |       |       |       |       |       |    43 ||    43
       Confused          |       |       |       |       |       |       |       |       |     4 ||     4
       Invisible         |       |       |       |       |       |       |       |       |     1 ||     1
Armor: Animal skin       |    16 |    25 |    18 |       |       |       |       |       |   306 ||   365
       Leather armour    |       |       |     9 |   138 |    62 |    71 |    26 |    57 |    66 ||   429
       Skin              |       |       |     2 |       |       |       |       |       |       ||     2
       Ring mail         |       |       |       |       |       |       |       |       |   134 ||   134
Dodge: Dodged            |    73 |   104 |    89 |   582 |   416 |   489 |   298 |   795 |  4941 ||  7787
       Repelled          |       |       |       |       |       |       |       |       |    27 ||    27
Block: Buckler           |       |       |       |       |       |   116 |   127 |   636 |  2561 ||  3440
       Reflection        |       |       |       |       |       |       |     1 |    53 |   119 ||   173

Table legend: (Time is in decaauts)
 A = Elapsed time spent in this place.
 B = Non-inter-level travel time spent in this place.
 C = Inter-level travel time spent in this place.
 D = Time resting spent in this place.
 E = Time spent auto-exploring this place.
 F = Levels seen in this place.
 G = Mean time per level.
                   A        B        C        D        E       F      G
               +--------+--------+--------+--------+--------+-----+--------+
         Total |  87142 |  74892 |  12250 |  11249 |  38558 | 118 |  738.5 |
       Dungeon |  20794 |  15381 |   5413 |   1059 |  11267 |  15 | 1386.3 |
        Temple |     87 |     71 |     16 |      0 |     71 |   1 |   87.0 |
          Lair |   7532 |   6109 |   1423 |    419 |   4555 |   6 | 1255.3 |
         Swamp |   3863 |   3705 |    158 |    459 |   2257 |   4 |  965.8 |
     Snake Pit |   4673 |   4287 |    386 |    367 |   3085 |   4 | 1168.2 |
    Slime Pits |    480 |    437 |     43 |     99 |      1 |   5 |   96.0 |
  Orcish Mines |   2170 |   1771 |    399 |    328 |   1028 |   2 | 1085.0 |
   Elven Halls |   4006 |   3202 |    804 |    224 |   1763 |   3 | 1335.3 |
        Vaults |   9510 |   7764 |   1746 |    224 |   5449 |   5 | 1902.0 |
         Crypt |   3619 |   3397 |    222 |    784 |   1693 |   3 | 1206.3 |
          Tomb |   4249 |   3994 |    255 |   1820 |    725 |   3 | 1416.3 |
        Depths |   7295 |   6099 |   1196 |   1052 |   2870 |   5 | 1459.0 |
          Hell |    884 |    742 |    142 |    117 |    333 |   1 |  884.0 |
           Dis |    952 |    912 |     40 |     23 |    272 |   7 |  136.0 |
       Gehenna |   1757 |   1757 |      0 |    232 |    170 |   7 |  251.0 |
       Cocytus |   1830 |   1830 |      0 |    506 |     79 |   7 |  261.4 |
      Tartarus |   1751 |   1751 |      0 |    357 |    410 |   7 |  250.1 |
         Abyss |   6311 |   6311 |      0 |   1070 |   1942 |  13 |  485.5 |
      Ziggurat |   3237 |   3237 |      0 |   1966 |      0 |  16 |  202.3 |
         Trove |     76 |     76 |      0 |      0 |     37 |   1 |   76.0 |
        Wizlab |    613 |    613 |      0 |    104 |     72 |   1 |  613.0 |
    Desolation |    858 |    858 |      0 |      0 |    244 |   1 |  858.0 |
      Gauntlet |    584 |    584 |      0 |     35 |    230 |   1 |  584.0 |
               +--------+--------+--------+--------+--------+-----+--------+

Top non-repeatable levels by time:
 Abyss:1: 2789 daAuts
    D:11: 2647 daAuts
Vaults:3: 2592 daAuts
Vaults:2: 2184 daAuts
 Abyss:2: 2086 daAuts
    D:14: 2047 daAuts
    D:15: 1973 daAuts
 Crypt:3: 1951 daAuts
  Tomb:1: 1916 daAuts
  Tomb:2: 1842 daAuts
   Elf:3: 1831 daAuts
    D:10: 1784 daAuts
Vaults:5: 1777 daAuts
 Snake:4: 1731 daAuts
Depths:1: 1676 daAuts
